 Dungeon Crawl Stone Soup version 0.25-a0-661-g55ea3d2053 (webtiles) character file.

Game seed: 1094552551148704948, levelgen mode: deterministic

1694652 ReteAZ the Invulnerable (level 27, -6/354 HPs)
             Began as a Minotaur Fighter on Mar 22, 2020.
             Was the Champion of the Shining One.
             Mangled by a freezing wraith (10 damage)
             ... summoned by a mummy priest
             ... while paralysed
             ... on level 3 of the Tomb of the Ancients on Mar 23, 2020.
             The game lasted 07:27:46 (148613 turns).

ReteAZ the Invulnerable (Minotaur Fighter)        Turns: 148613, Time: 07:27:47

Health: -6/354     AC: 23    Str: 31      XL:     27
Magic:  47/51      EV:  2    Int:  0 (7)  God:    the Shining One [******]
Gold:   12647      SH:  0    Dex: 20      Spells: 62/76 levels left

rFire    + . .     SeeInvis .   a - +9 broad axe (holy)
rCold    + + .     Gourm    .   k - +5 tower shield {reflect}
rNeg     + + +     Faith    .   (armour currently unavailable)
rPois    ∞         Spirit   .   I - +2 hat {MR+}
rElec    +         Reflect  +   O - scarf {rC+ rF+}
rCorr    .         Harm     .   (gloves currently unavailable)
MR       +++++     Rnd*Tele +   (boots currently unavailable)
Stlth    ++........             K - brooch of Shielding {Reflect SH+8}
HPRegen  0.69/turn              q - ring "Niucelis" {rN+++ EV+5 Dex+3}
MPRegen  0.32/turn              Z - ring "Muturinn" {rPois rC+ rN+ MR++ Dex+4}

@: paralysed, statue-form, marked, held, slowed, lost intelligence, glowing
A: retaliatory headbutt, claws 2, horns 2, repulsion field 1, agile 1, deformed
body, deterioration 1, screaming 1, teleportitis 3, subdued magic 3
}: 14/15 runes: decaying, slimy, silver, iron, obsidian, icy, bone, abyssal,
demonic, glowing, magical, fiery, dark, gossamer
a: End Transformation, Divine Shield, Cleansing Flame, Summon Divine Warrior,
Renounce Religion


You were on level 3 of the Tomb of the Ancients.
You worshipped the Shining One.
The Shining One was exalted by your worship.
You were hungry.
You were a stone statue.
You visited 18 branches of the dungeon, and saw 89 of its levels.
You visited Pandemonium 1 time, and saw 24 of its levels.
You visited the Abyss 9 times.
You visited 1 ziggurat, and saw 12 of its levels.
You also visited: Trove, Sewer, Gauntlet, Ice Cave and Desolation.

You collected 24121 gold pieces.
You spent 3241 gold pieces at shops.
You donated 8233 gold pieces to Zin.

Inventory:

Hand Weapons
 a - a +9 broad axe of holy wrath (weapon)
 c - the cursed +14 obsidian axe {vorpal, +Fly SInv *Curse}
   (You found it on level 7 of Gehenna)

   It inflicts extra damage upon your enemies.
   It lets you see invisible.
   It lets you fly.
   It curses itself when equipped.
   It has a curse placed upon it.
   The Shining One disapproves of the use of such an item.
 M - the +8 broad axe of the Puffball {flame, rPois rN+ Int+3 Dex-5}
   (You took it off a skeletal warrior on level 7 of Tartarus)

   It has been specially enchanted to burn those struck by it, causing extra
   injury to most foes and up to half again as much damage against particularly
   susceptible opponents.
   Big, fiery blades are also staple armaments of hydra-hunters.
   It affects your intelligence (+3).
   It affects your dexterity (-5).
   It protects you from poison.
   It protects you from negative energy.
Missiles
 E - 10 throwing nets
 L - 17 curare-tipped darts
 S - 17 silver javelins (quivered)
Armour
 g - a +2 pair of boots of flying (melded)
 k - a +5 tower shield of reflection (worn)
 o - a +2 pair of gloves of strength (melded)
 r - +12 gold dragon scales (melded)
 I - a +2 hat of magic resistance (worn)
 O - a scarf of resistance (worn)
Magical Staves
 U - an uncursed staff of earth
Jewellery
 b - the ring of Qicuoc {+Inv rF++ MR- Int+2 Stlth+}
   (You found it on level 7 of Gehenna)

   [ring of stealth]

   It affects your intelligence (+2).
   It greatly protects you from fire.
   It affects your resistance to hostile enchantments.
   It lets you turn invisible.
   It makes you more stealthy.
 h - the ring of the Saviour {*Corrode rF+ rC++ MP+9 Stlth+}
   (You found it on level 7 of Gehenna)

   [ring of magical power]

   It protects you from fire.
   It greatly protects you from cold.
   It affects your magic capacity (+9).
   It may corrode you when you take damage.
   It makes you more stealthy.
 j - the ring "Utetec" {rElec rCorr Dex+2}
   (You took it off a deep elf archer on level 3 of the Elven Halls)

   [ring of resist corrosion]

   It affects your dexterity (+2).
   It insulates you from electricity.
   It provides partial protection from all sources of acid and corrosion.
 q - the ring "Niucelis" (left claw) {rN+++ EV+5 Dex+3}
   (You found it in the Desolation of Salt)

   [ring of evasion]

   It affects your evasion (+5).
   It affects your dexterity (+3).
   It renders you almost immune to negative energy.
 w - the ring "Qolih" {Wiz rElec}
   (You found it in Pandemonium)

   [ring of wizardry]

   It improves your spell success rate.
   It insulates you from electricity.
 K - the brooch of Shielding (around neck) {Reflect SH+8}
   (You found it on level 8 of the Dungeon)

   [amulet of reflection]

   It shields you and reflects attacks.
   It affects your SH (+8).
 Z - the ring "Muturinn" (right claw) {rPois rC+ rN+ MR++ Dex+4}
   (You found it in the Desolation of Salt)

   [ring of protection from cold]

   It affects your dexterity (+4).
   It protects you from cold.
   It protects you from poison.
   It protects you from negative energy.
   It affects your resistance to hostile enchantments.
Wands
 u - a wand of disintegration (140)
 x - a wand of iceblast (107)
 C - a wand of flame (171)
 D - a wand of digging (38)
 H - a wand of acid (83)
 P - a wand of scattershot (30)
Scrolls
 e - 56 scrolls of remove curse
 i - 5 scrolls of blinking
 s - 6 scrolls of silence
 t - 19 scrolls of fear
 y - 50 scrolls of teleportation
 z - 17 scrolls of enchant weapon
 B - 38 scrolls of identify
 F - 10 scrolls of brand weapon
 Q - 10 scrolls of magic mapping
 R - 3 scrolls of holy word
 T - 20 scrolls of fog
 W - 4 scrolls of summoning
Potions
 d - 15 potions of haste
 m - 39 potions of curing
 n - 17 potions of heal wounds
 p - 22 potions of cancellation
 v - 5 potions of berserk rage
 A - 15 potions of resistance
 G - 4 potions of might
 J - a potion of invisibility
 V - 4 potions of brilliance
 Y - 2 potions of ambrosia
Miscellaneous
 X - a lamp of fire
Comestibles
 f - 86 rations


   Skills:
 O Level 27 Fighting
 O Level 27 Axes
 + Level 13.8 Throwing
 O Level 27 Armour
 O Level 27 Dodging
 - Level 6.5 Stealth
 O Level 27 Shields
 - Level 25.0 Spellcasting
 O Level 27 Necromancy
 - Level 19.0 Transmutations
 O Level 27 Earth Magic
 O Level 27 Invocations
 - Level 16.7 Evocations


You had 62 spell levels left.
You knew the following spells:

 Your Spells              Type           Power        Failure   Level  Hunger
a - Statue Form           Tmut/Erth      #........    0%          6    #######
b - Necromutation         Tmut/Necr      #.........   1%          8    #######

Your spell library contained the following spells:

 Spells                   Type           Power        Failure   Level  Hunger
 Animate Skeleton         Necr           N/A          0%          1    ##.....
 Beastly Appendage        Tmut           #.....       0%          1    ##.....
 Pain                     Necr           #...         0%          1    ##.....
 Sandblast                Erth           #.....       0%          1    ##.....
 Sting                    Tmut/Pois      #...         0%          1    ##.....
 Corpse Rot               Necr/Air       N/A          0%          2    ###....
 Passwall                 Tmut/Erth      #.......     0%          2    ###....
 Sticks to Snakes         Tmut           #.......     0%          2    ###....
 Sublimation of Blood     Necr           #.........   0%          2    ###....
 Stone Arrow              Conj/Erth      #.....       0%          3    ####...
 Vampiric Draining        Necr           #.........   0%          3    ####...
 Animate Dead             Necr           N/A          0%          4    #####..
 Dispel Undead            Necr           #.......     0%          4    #####..
 Petrify                  Tmut/Erth      #.......     0%          4    #####..
 Agony                    Necr           #.......     0%          5    ######.
 Blade Hands              Tmut           #.........   0%          5    ######.
 Borgnjor's Vile Clutch   Necr/Erth      #.........   0%          5    ######.
 Lee's Rapid Deconstruct  Erth           #.........   0%          5    ######.
 Death Channel            Necr           #.........   0%          6    #######
 Ignite Poison            Fire/Tmut/Pois #.......     1%          3    ####...
 Spider Form              Tmut/Pois      #.........   1%          3    ####...
 Ice Form                 Ice/Tmut       #.......     1%          4    #####..
 Leda's Liquefaction      Hex/Erth       #.........   1%          4    #####..
 Alistair's Intoxication  Tmut/Pois      #.......     1%          5    ######.
 Bolt of Magma            Conj/Fire/Erth #.........   1%          5    ######.
 Excruciating Wounds      Chrm/Necr      #.........   1%          5    ######.
 Irradiate                Conj/Tmut      #.........   1%          5    ######.
 Yara's Violent Unravell  Hex/Tmut       #.........   1%          5    ######.
 Hydra Form               Tmut           #.........   1%          6    #######
 Iron Shot                Conj/Erth      #.........   1%          6    #######
 Simulacrum               Ice/Necr       #.........   1%          6    #######
 Dragon Form              Tmut           #.........   1%          7    #######
 Borgnjor's Revivificati  Necr           #.........   1%          8    #######
 Infestation              Necr           #.........   1%          8    #######
 Apportation              Tloc           #.....       2%          1    ##.....
 Corona                   Hex            #......      2%          1    ##.....
 Foxfire                  Conj/Fire      #...         2%          1    ##.....
 Freeze                   Ice            #...         2%          1    ##.....
 Infusion                 Chrm           #...         2%          1    ##.....
 Magic Dart               Conj           #...         2%          1    ##.....
 Shock                    Conj/Air       #...         2%          1    ##.....
 Summon Butterflies       Summ           #.......     2%          1    ##.....
 Summon Small Mammal      Summ           #...         2%          1    ##.....
 Blink                    Tloc           N/A          4%          2    ###....
 Call Imp                 Summ           #.......     4%          2    ###....
 Ensorcelled Hibernation  Hex/Ice        #.....       4%          2    ###....
 Poisonous Vapours        Pois/Air       #.....       4%          2    ###....
 Searing Ray              Conj           #.....       4%          2    ###....
 Shroud of Golubria       Chrm/Tloc      #.....       4%          2    ###....
 Slow                     Hex            #.......     4%          2    ###....
 Song of Slaying          Chrm           #.......     4%          2    ###....
 Swiftness                Chrm/Air       #.......     4%          2    ###....
 Call Canine Familiar     Summ           #.......     10%         3    ####...
 Confusing Touch          Hex            #.......     10%         3    ####...
 Conjure Flame            Conj/Fire      #.......     10%         3    ####...
 Dazzling Flash           Conj/Hex       #.....       10%         3    ####...
 Frozen Ramparts          Ice            #.....       10%         3    ####...
 Gell's Gravitas          Tloc           #.........   10%         3    ####...
 Inner Flame              Hex/Fire       #.......     10%         3    ####...
 Lesser Beckoning         Tloc           #.........   10%         3    ####...
 Mephitic Cloud           Conj/Pois/Air  #.......     10%         3    ####...
 Ozocubu's Armour         Chrm/Ice       #.......     10%         3    ####...
 Portal Projectile        Hex/Tloc       #.....       10%         3    ####...
 Recall                   Summ/Tloc      N/A          10%         3    ####...
 Spectral Weapon          Hex/Chrm       #.......     10%         3    ####...
 Static Discharge         Conj/Air       #.......     10%         3    ####...
 Summon Guardian Golem    Hex/Summ       #.......     10%         3    ####...
 Teleport Other           Tloc           #.......     10%         3    ####...
 Tukima's Dance           Hex            #.......     10%         3    ####...
 Eringya's Noxious Bog    Tmut/Pois      #.........   11%         6    #######
 Haunt                    Necr/Summ      #.........   11%         7    #######
 Airstrike                Air            #.........   36%         4    #####..
 Cause Fear               Hex            #.........   36%         4    #####..
 Fulminant Prism          Conj/Hex       #.........   36%         4    #####..
 Hailstorm                Conj/Ice       #.......     36%         4    #####..
 Iskenderun's Mystic Bla  Conj/Tloc      #.......     36%         4    #####..
 Olgreb's Toxic Radiance  Pois           #.......     36%         4    #####..
 Passage of Golubria      Tloc           N/A          36%         4    #####..
 Sticky Flame             Conj/Fire      #.......     36%         4    #####..
 Summon Ice Beast         Ice/Summ       #.......     36%         4    #####..
 Summon Lightning Spire   Summ/Air       #.......     36%         4    #####..
 Death's Door             Chrm/Necr      #.........   73%         8    #######
 Lehudib's Crystal Spear  Conj/Erth      #.........   73%         8    #######
 Aura of Abjuration       Summ           #.........   75%         5    ######.
 Fireball                 Conj/Fire      #.........   75%         5    ######.
 Iskenderun's Battlesphe  Conj/Chrm      #.......     75%         5    ######.
 Lightning Bolt           Conj/Air       #.........   75%         5    ######.
 Metabolic Englaciation   Hex/Ice        #.........   75%         5    ######.
 Silence                  Hex/Air        #.........   75%         5    ######.
 Summon Demon             Summ           #.........   75%         5    ######.
 Summon Forest            Summ/Tloc      #.........   75%         5    ######.
 Summon Mana Viper        Hex/Summ       #.......     75%         5    ######.
 Conjure Ball Lightning   Conj/Air       #.........   100%        6    #######
 Darkness                 Hex            #.........   100%        6    #######
 Deflect Missiles         Chrm/Air       #.........   100%        6    #######
 Dispersal                Tloc           #.........   100%        6    #######
 Freezing Cloud           Conj/Ice/Air   #.........   100%        6    #######
 Invisibility             Hex            #.......     100%        6    #######
 Ozocubu's Refrigeration  Ice            #.........   100%        6    #######
 Shadow Creatures         Summ           N/A          100%        6    #######
 Malign Gateway           Summ/Tloc      #.........   100%        7    #######
 Monstrous Menagerie      Summ           #.........   100%        7    #######
 Orb of Destruction       Conj           #.........   100%        7    #######
 Ring of Flames           Chrm/Fire      #.........   100%        7    #######
 Spellforged Servitor     Conj/Summ      #.........   100%        7    #######
 Summon Greater Demon     Summ           #.........   100%        7    #######
 Summon Hydra             Summ           #.........   100%        7    #######
 Chain Lightning          Conj/Air       #.........   100%        8    #######
 Controlled Blink         Tloc           N/A          100%        8    #######
 Discord                  Hex            #.........   100%        8    #######
 Disjunction              Tloc           #.........   100%        8    #######
 Ignition                 Fire           #.........   100%        8    #######
 Summon Horrible Things   Summ           #.........   100%        8    #######
 Dragon's Call            Summ           #.........   100%        9    #######
 Fire Storm               Conj/Fire      #.........   100%        9    #######
 Glaciate                 Conj/Ice       #.........   100%        9    #######
 Tornado                  Air            #.........   100%        9    #######


Dungeon Overview and Level Annotations

Branches:
Dungeon (15/15)            Temple (1/1) D:7            Lair (6/6) D:10
  Swamp (4/4) Lair:2       Spider (4/4) Lair:2        Slime (5/5) Lair:6
    Orc (2/2) D:9             Elf (3/3) Orc:2        Vaults (5/5) D:13
  Crypt (3/3) Vaults:2       Tomb (3/3) Crypt:3      Depths (5/5) D:15
   Hell (visited)             Dis (7/7) Hell            Geh (7/7) Hell
    Coc (7/7) Hell            Tar (7/7) Hell            Zot (5/5) Depths:5
  Sewer (visited)           IceCv (visited)         Desolation (visited)
Gauntlet (visited)

Altars:
Ashenzari
Cheibriados
Dithmenos
Elyvilon
Fedhas
Gozag
Hepliaklqana
Kikubaaqudgha
Makhleb
Nemelex Xobeh
Okawaru
Qazlal
Ru
Sif Muna
Trog
Uskayaw
Vehumet
Wu Jian
Xom
Yredelemnul
Zin
The Shining One
Jiyva

Shops:
Orc:2 [??[   Vaults:2 =((   Vaults:4 *   Vaults:5 =[   Depths:2 (   Depths:5 !(

Portals:
Hell: Depths:1 Depths:2 Depths:3 Depths:4
Abyss: Depths:1 Depths:3 Depths:4
Pandemonium: Depths:3 Depths:4

Annotations:
Geh:7 Serpent of Hell


Innate Abilities, Weirdness & Mutations

You reflexively headbutt those who attack you in melee.
You have a pair of horns on your head.
You have very sharp fingernails.
You are surrounded by a mild repulsion field. (EV +2)
((You are partially covered in iridescent scales. (AC +2)))
((You are partially covered in thin metallic scales. (AC +2)))
You are agile. (Dex +2)
Armour fits poorly on your strangely shaped body.
Your body sometimes deteriorates upon taking damage.
You occasionally shout uncontrollably at your foes.
You are often teleported next to monsters.
Your spells are much easier to cast, but much less powerful.


Message History

You already are as slow as you could be.
The death scarab bites you!
* * * LOW HITPOINT WARNING * * *
The death scarab bites you.
* * * LOW HITPOINT WARNING * * *
The mummy priest calls on the powers of darkness!
Your body is wracked with pain!
* * * LOW HITPOINT WARNING * * *
The bennu convulses! x2
The death scarab bites you but does no damage.
A guardian mummy comes into view. x2
The death scarab bites you but does no damage.
The death scarab bites you!
* * * LOW HITPOINT WARNING * * *
The death scarab drains your vigour!
You already are as slow as you could be.
You hear a loud "Zot"!
The flayed ghost hits you but does no damage.
The freezing wraith hits you!
You die...

#MM....#
#...M.b#
#ssM.M.#
+s8bZM.+


#sWssM.# #WsMss.# #sssss.# #ss8ss.# #.WsW..# #^..s..# ######## You could see 2
bennus, a mummy priest, 2 flayed ghosts, a shadow wraith (invisible), 6 guardian
mummies, an ushabti, a freezing wraith, 20 death scarabs, a mummy and a fire
giant simulacrum.

Vanquished Creatures
  Cerebov (Pan)
  Antaeus (Coc:7)
  the Royal Jelly (Slime:5)
  Ereshkigal (Tar:7)
  Asmodeus (Geh:7)
  Lom Lobon (Pan)
  Gloorx Vloq (Pan)
  Mnoleg (Pan)
  Dispater (Dis:7)
  Mennas (Pan)
  Mara (Vaults:2)
  4 orbs of fire
  2 juggernauts
  17 ancient liches
  23 greater mummies
  7 Killer Klowns
  Margery (Depths:3)
  Xtahua (Vaults:5)
  14 shard shrikes
  Bai Suzhen (Swamp:3)
  Saint Roka (Depths:2)
  5 caustic shrikes
  3 curse toes
  9 golden dragons
  Geryon (Hell)
  18 profane servitors
  the Enchantress (Depths:2)
  Jory (Depths:3)
  63 bone dragons
  Nikola (Spider:1)
  2 pearl dragons (Zig:8)
  4 electric golems
  10 iron giants
  7 hellephants
  14 pandemonium lords (Pan)
  31 Brimstone Fiends
  7 doom hounds
  31 Tzitzimimeh
  27 Hell Sentinels
  34 tentacled monstrosities
  25 Orb Guardians (Zot:5)
  12 Ice Fiends
  8 quicksilver dragons
  43 liches
  2 deep elf blademasters (Elf:3)
  The ghost of Womat the Brawler, an adept TrFi of Cheibriados (Spider:4)
  8 titans
  42 Executioners
  17 ancient champions
  2 deep elf master archers (Elf:3)
  A kraken (Abyss:2)
  30 acid blobs
  8 death cobs
  15 sphinxes
  Frances (Swamp:1)
  6 eldritch tentacles
  209 tentacled starspawn
  A thorn hunter (Swamp:2)
  29 storm dragons
  The ghost of Emblim88 the Blocker, an adept GnFi of Qazlal (Elf:3)
  12 shadow dragons
  5 tengu reavers
  15 revenants
  The ghost of Qugul the Severer, a journeyman MiFi of Wu Jian (Swamp:1)
  17 fire giants
  9 daevas
  6 draconian monks
  A frost giant (shapeshifter) (Abyss:3)
  8 corrupters (Pan)
  16 azure jellies
  14 deep elf sorcerers
  12 ghost moths
  14 frost giants
  10 black suns (Pan)
  10 draconian scorchers
  7 draconian knights
  A juggernaut zombie (Depths:4)
  17 iron dragons
  2 imperial myrmidons (Desolation)
  Louise (Elf:3)
  5 emperor scorpions
  9 warmongers (Pan)
  11 deep elf elementalists
  22 vault wardens
  7 angels
  62 cacodemons
  6 draconian shifters
  2 elemental wellsprings
  4 curse skulls
  4 ghouls
  58 balrugs
  3 spriggan defenders (Depths:2)
  6 draconian stormcallers
  11 draconian annihilators
  A caustic shrike zombie (Zig:9)
  16 war gargoyles
  15 stone giants
  A juggernaut skeleton (Depths:4)
  13 ophanim
  55 reapers
  10 ironheart preservers
  7 blood saints (Pan)
  8 entropy weavers
  An apis (Zig:8)
  130 very ugly things
  2 entropy weavers (shapeshifter) (Zot:1)
  2 grey draconians (Depths:5)
  15 yellow draconians
  6 bennus
  14 green draconians
  14 vampire knights
  31 lorocyprocas
  10 deep elf annihilators
  A minotaur (Gauntlet)
  14 black draconians
  11 deep elf demonologists
  9 spark wasps
  18 white draconians
  18 red draconians
  16 purple draconians
  15 ettins
  11 deep elf death magi
  14 eidola
  A red draconian (shapeshifter) (Zot:1)
  34 blizzard demons
  15 mummy priests
  36 green deaths
  A spectral kraken (Tar:7)
  7 ragged hierophants (Desolation)
  13 fire dragons
  10 crystal guardians
  19 yaktaur captains
  Josephine (Lair:4)
  4 quicksilver dragon zombies
  A spectral golden dragon (Crypt:3)
  15 death oozes
  11 ogre magi
  27 jiangshi
  6 deep elf high priests
  11 naga warriors
  34 rakshasas
  39 great orbs of eyes
  A caustic shrike simulacrum (Depths:4)
  7 quicksilver dragon skeletons
  26 ice dragons
  15 hydras
  5 hell beasts
  8 servants of whispers (Desolation)
  19 monstrous demonspawn (Pan)
  9 peacekeepers
  2 ghost crabs
  2 shambling mangroves
  34 vault guards
  A juggernaut simulacrum (Depths:4)
  An anaconda (shapeshifter) (Zot:1)
  Erica (Lair:1)
  5 spriggan air magi
  2 catoblepae
  10 titan zombies
  13 death knights
  72 death scarabs
  8 centaur warriors
  21 two-headed ogres
  A merfolk avatar (Abyss:1)
  35 dancing weapons
  9 tengu warriors
  An orc high priest (Orc:2)
  13 alligators
  11 death yaks
  15 deep troll earth magi
  49 hell hogs
  2 queen ants (Gauntlet)
  9 deep troll shamans
  8 spriggan berserkers
  115 sun demons
  3 shock serpents (Pan)
  9 storm dragon zombies
  6 holy swine (Pan)
  15 vampire magi
  A fire crab (shapeshifter) (Abyss:1)
  160 thrashing horrors
  22 deep elf knights
  166 skeletal warriors
  79 soul eaters
  6 iron golems (Dis:7)
  25 shadow wraiths
  15 iron trolls
  A spectral emperor scorpion (Crypt:3)
  511 small abominations
  6 golden dragon zombies
  8 titan skeletons
  115 sixfirhies
  182 wretched stars
  52 hell knights
  2 fire crabs (Abyss:4)
  A deep troll (shapeshifter) (Vaults:5)
  5 cherubim
  5 death drakes
  2 storm dragon skeletons
  An unseen horror (shapeshifter) (Abyss:2)
  5 swamp dragons
  32 deep trolls
  10 anaconda zombies
  A quicksilver dragon simulacrum (Abyss:3)
  7 golden dragon skeletons
  2 spriggan druids
  15 gelid demonspawn (Pan)
  A glowing orange brain (shapeshifter) (Vaults:1)
  15 torturous demonspawn
  22 unseen horrors
  11 infernal demonspawn (Pan)
  45 shadow demons
  3 spectral hydras (Swamp:1)
  47 spatial maelstroms
  29 flayed ghosts
  5 ghost moth zombies
  A kraken simulacrum (Hell)
  An orange crystal statue (Depths:1)
  32 glowing orange brains
  32 phantasmal warriors
  A lindwurm (shapeshifter) (Abyss:1)
  9 wizards
  A sphinx zombie (Zig:11)
  22 deep elf archers
  22 ironbrand convokers
  13 shadow dragon zombies
  40 necromancers
  37 wolf spiders
  108 ugly things
  Pikel (D:4)
  6 orc knights
  4 anaconda skeletons
  An obsidian statue (Abyss:1)
  A tengu zombie (Zig:11)
  5 iron dragon zombies
  9 wolf spider zombies
  7 harpies
  25 orb spiders
  12 fire giant zombies
  8 orc sorcerers
  21 shining eyes
  A manticore (D:15)
  An orb spider (shapeshifter) (Vaults:4)
  A mana viper (Abyss:2)
  A wolf spider (shapeshifter) (Abyss:2)
  A faun (shapeshifter) (Abyss:1)
  712 starcursed masses
  6 iron dragon skeletons
  81 worldbinders
  9 shadow dragon skeletons
  88 deep elf magi
  5 cyclopes
  3 ice statues
  6 stone giant zombies
  A sphinx skeleton (Crypt:1)
  14 frost giant zombies
  4 shock serpent zombies
  4 salamanders
  4 centaur zombies
  13 fire giant skeletons
  26 guardian serpents
  29 moths of wrath
  2 titan simulacra
  14 vault sentinels
  5 dire elephant zombies
  6 frost giant skeletons
  3 elephants
  6 naga magi
  218 smoke demons
  44 apocalypse crabs
  52 rust devils
  12 stone giant skeletons
  A torpor snail (shapeshifter) (Zig:10)
  3 black mambas (shapeshifter)
  5 black mambas
  A water nymph (shapeshifter) (Zig:10)
  13 molten gargoyles
  28 spiny frogs
  8 kobold demonologists
  7 dire elephant skeletons
  30 efreet
  5 eyes of devastation
  3 shock serpent skeletons
  An emperor scorpion zombie (Geh:7)
  41 yaktaurs
  2 spriggan skeletons
  2 komodo dragons (shapeshifter)
  6 spectral swamp worms (Tar:7)
  106 orange demons
  5 centaur skeletons
  9 komodo dragons
  A rime drake (shapeshifter) (Abyss:1)
  15 swamp worm zombies (Crypt:2)
  4 tengu conjurers
  22 guardian mummies
  98 hellwings
  60 freezing wraiths
  51 hellions
  8 human skeletons
  4 anaconda simulacra
  153 ancient zymes
  57 demonic crawlers
  A catoblepas zombie (Geh:4)
  A golden dragon simulacrum (Zig:11)
  80 red devils
  46 ice devils
  43 tormentors
  A polar bear (shapeshifter) (Depths:1)
  13 hydra zombies
  7 silent spectres
  2 queen bees
  7 trolls
  A sea snake skeleton (Crypt:1)
  10 harpy zombies
  A troll (shapeshifter) (Abyss:4)
  A shadow dragon simulacrum (Abyss:1)
  A catoblepas skeleton (Tar:2)
  4 meliai
  Prince Ribbit (D:8)
  12 hydra skeletons
  3 meliai (shapeshifter)
  A merfolk (shapeshifter) (Abyss:1)
  16 tyrant leeches
  3 blink frogs (shapeshifter)
  5 harpy skeletons
  Grinder (D:4)
  47 saltlings
  15 bog bodies
  2 hornets (shapeshifter)
  An iron dragon simulacrum (Crypt:3)
  34 jumping spiders
  57 blink frogs
  24 hornets
  3 ice dragon zombies
  A spectral swamp dragon (Swamp:1)
  A dream sheep (shapeshifter) (Vaults:2)
  425 raiju
  13 ettin zombies
  A stone giant simulacrum (Coc:7)
  4 fire dragon zombies
  8 hippogriffs
  6 dream sheep (Lair:6)
  6 alligator zombies
  A shock serpent simulacrum (Crypt:3)
  143 slime creatures
  225 flying skulls
  67 wraiths
  2 alligator skeletons
  4 ushabtiu
  70 redbacks
  40 shadows
  9 fire dragon skeletons
  14 spriggans
  7 air elementals
  2 wyverns (shapeshifter)
  A yak (shapeshifter) (Depths:3)
  166 ynoxinuls
  16 ettin skeletons
  26 tarantellas
  4 black mamba zombies
  3 black mamba skeletons
  6 ice dragon skeletons
  A tarantella (shapeshifter) (Vaults:2)
  9 vampires
  14 water elementals
  A dire elephant simulacrum (Crypt:1)
  Eustachio (D:4)
  142 chaos spawn
  A human (shapeshifter) (Depths:1)
  6 wyverns
  10 basilisks
  A death yak simulacrum (IceCv)
  43 fire bats
  64 golden eyes
  2 golden eyes (shapeshifter)
  41 yaks
  34 fire elementals
  A hog (shapeshifter) (Vaults:5)
  161 neqoxecs
  2 spriggan simulacra
  25 hungry ghosts
  593 large abominations
  83 spatial vortices
  31 vampire mosquitoes
  A white draconian simulacrum (Abyss:4)
  A yaktaur simulacrum (Depths:1)
  An infernal demonspawn zombie (Abyss:1)
  Edmund (D:4)
  7 acid dragons
  10 swamp worms
  3 harpy simulacra
  20 nagas
  A hydra simulacrum (Coc:2)
  A merfolk zombie (Abyss:1)
  A naga (shapeshifter) (Abyss:1)
  9 soldier ants
  7 wargs
  40 insubstantial wisps
  A gelid demonspawn zombie (Abyss:1)
  A warg (shapeshifter) (Vaults:4)
  2 tengu skeletons
  6 swamp drakes
  3 soldier ants (shapeshifter)
  5 spiny frog zombies
  81 hell hounds
  3 floating eyes (Pan)
  10 water moccasins
  10 snapping turtle zombies
  28 orc warriors
  5 porcupines
  A merfolk skeleton (Crypt:1)
  6 spiny frog skeletons
  4 elephant zombies
  3 slaves (D:4)
  A fire dragon simulacrum (Abyss:3)
  29 ice beasts
  An ice beast (shapeshifter) (Abyss:2)
  27 eyes of draining
  36 necrophages
  A swamp dragon zombie (Abyss:1)
  11 sky beasts
  2 black bears
  13 phantoms
  23 wolves
  3 manticore skeletons
  3 manticore zombies
  35 ogres
  8 snapping turtle skeletons
  16 boggarts
  16 centaurs
  2 swamp dragon skeletons
  3 orc skeletons
  7 crocodiles
  4 elf zombies
  10 big kobolds
  3 gnoll sergeants
  34 bullfrogs
  14 earth elementals
  A hippogriff skeleton (Crypt:2)
  5 spiny frog simulacra
  4 elf skeletons
  A glowing shapeshifter simulacrum (Vaults:3)
  4 spriggan zombies
  2 scorpions
  A snapping turtle simulacrum (Abyss:1)
  44 killer bees
  A swamp dragon simulacrum (Abyss:1)
  An elephant simulacrum (IceCv)
  105 wights
  A wolf zombie (Crypt:1)
  A vampire bat (Abyss:1)
  A howler monkey (D:4)
  4 electric eels
  5 draconian simulacra (IceCv)
  27 crimson imps
  6 human zombies
  90 quasits
  A basilisk zombie (Lair:3)
  5 bullfrog skeletons
  A bullfrog zombie (Crypt:1)
  8 hounds
  20 jellies
  26 orc priests
  A soldier ant zombie (Crypt:2)
  A black bear skeleton (Crypt:1)
  114 iron imps
  3 iguanas
  A spectral swamp drake (Swamp:1)
  Natasha (thrice) (D:2)
  38 orc wizards
  9 worker ants
  A killer bee zombie (D:6)
  A polar bear simulacrum (IceCv)
  8 troll simulacra (IceCv)
  A wolf simulacrum (IceCv)
  A deep dwarf zombie (Crypt:2)
  An ogre zombie (Crypt:2)
  An acid dragon zombie (Crypt:2)
  A crocodile zombie (Lair:3)
  2 centaur simulacra (IceCv)
  A naga skeleton (Geh:5)
  2 ogre skeletons
  A hound skeleton (D:7)
  48 mummies
  2 worker ant zombies
  Robin (D:2)
  19 gnolls
  13 adders
  A gnoll (shapeshifter) (Vaults:5)
  5 naga simulacra (IceCv)
  33 shadow imps
  117 white imps
  85 ufetubi
  4 oozes
  2 swamp drake simulacra (Swamp:1)
  An adder zombie (D:8)
  2 adder skeletons
  8 worms
  6 ball lightnings
  2 dart slugs
  A leopard gecko (D:1)
  92 orcs
  9 giant cockroaches
  10 goblins
  8 hobgoblins
  18 jackals
  A quokka (D:10)
  6 ball pythons
  6 bats
  11 frilled lizards
  A goblin zombie (Crypt:2)
  31 kobolds
  A kobold skeleton (Geh:2)
  An orc zombie (D:13)
  3 quokka skeletons
  10 rats
  5 briar patches (Swamp:2)
  A bush (Abyss:1)
  A butterfly (Zot:1)
  5 crawling corpses
  A demonic plant (Abyss:3)
  2 fire vortices (Pan)
  2 fungi
  17 lurking horrors
  10 plants
  232 starspawn tentacles
  6 tentacles
11632 creatures vanquished.

Vanquished Creatures (collateral kills)
  A daeva (Abyss:2)
  An entropy weaver (Spider:3)
  A blizzard demon (Hell)
  A hell knight (Hell)
  A necromancer (Hell)
  A mana viper (Abyss:2)
  A frost giant zombie (Hell)
  A titan simulacrum (Hell)
  A smoke demon (Abyss:2)
  2 red devils (Hell)
  A tarantella (Spider:3)
12 creatures vanquished.

Vanquished Creatures (others)
  An elemental wellspring (Coc:7)
  A very ugly thing (Zot:1)
  An ironheart preserver (Vaults:5)
  3 stone giants
  A green death (Zot:1)
  2 yaktaur captains
  3 rakshasas
  A vault guard (Vaults:5)
  3 centaur warriors
  A dancing weapon (Elf:2)
  3 hell hogs (Abyss:1)
  2 vampire magi (Depths:3)
  A thrashing horror (Abyss:1)
  3 deep elf knights
  An iron troll (Depths:1)
  A sixfirhy (Abyss:3)
  A glowing orange brain (Abyss:3)
  An anaconda zombie (Hell)
  6 deep elf archers
  A phantasmal warrior (Depths:3)
  An ironbrand convoker (Vaults:4)
  2 cyclopes
  2 necromancers
  A deep elf mage (Elf:1)
  A faun (shapeshifter) (Vaults:5)
  A slime creature (Slime:2)
  An anaconda simulacrum (Hell)
  A komodo dragon (shapeshifter) (Elf:3)
  22 yaktaurs
  An ancient zyme (Abyss:1)
  A hellwing (Pan)
  A tengu conjurer (Depths:1)
  2 meliai (Spider:2)
  A red devil (Pan)
  A jumping spider (Spider:3)
  4 raiju
  A bog body (Swamp:4)
  A blink frog (Abyss:1)
  3 flying skulls
  2 redbacks (Spider:2)
  A tarantella (Spider:3)
  A fire elemental (Hell)
  5 golden eyes
  17 small abominations
  2 neqoxecs
  A chaos spawn (Pan)
  6 large abominations
  A hell hound (Zig:6)
  An orc warrior (D:13)
  An eye of draining (Abyss:1)
  A boggart (Depths:3)
  An ogre (Vaults:4)
  4 centaurs
  3 wights (Abyss:1)
  2 starcursed masses (Abyss:1)
  An orc priest (D:11)
  An iron imp (Dis:7)
  A jelly (Abyss:1)
  A mummy (Tomb:2)
  A shadow imp (Tar:7)
  2 white imps
  13 ball lightnings (Pan)
  6 bushes (Abyss:1)
  5 demonic plants (Abyss:1)
  14 fungi
  23 lurking horrors
  42 plants
  359 starspawn tentacles
  9 tentacles
612 creatures vanquished.

Grand Total: 12256 creatures vanquished

Notes
Turn   | Place    | Note
-------+----------+-------------------------------------------
     0 | D:1      | ReteAZ the Minotaur Fighter began the quest for the Orb.
     0 | D:1      | Reached XP level 1. HP: 19/19 MP: 0/0
   297 | D:1      | Reached XP level 2. HP: 27/27 MP: 1/1
   558 | D:1      | Reached XP level 3. HP: 33/33 MP: 2/2
   936 | D:2      | Found a bloodstained altar of Trog.
   961 | D:2      | Found a shimmering blue altar of Sif Muna.
  1047 | D:2      | Noticed Natasha
  1052 | D:2      | Killed Natasha
  1052 | D:2      | Reached XP level 4. HP: 32/40 MP: 3/3
  1092 | D:2      | Noticed Natasha
  1103 | D:2      | Killed Natasha
  1266 | D:2      | Noticed Natasha
  1271 | D:2      | Killed Natasha
  1278 | D:2      | Reached XP level 5. HP: 31/47 MP: 4/4
  1421 | D:2      | Noticed Robin
  1431 | D:2      | Killed Robin
  1675 | D:3      | Found a faded altar of an unknown god.
  2099 | D:3      | Found an iron altar of Okawaru.
  2689 | D:4      | Reached skill level 5 in Axes
  2692 | D:4      | Reached XP level 6. HP: 10/55 MP: 5/5
  2991 | D:4      | Noticed Grinder
  2995 | D:4      | Paralysed by Grinder for 5 turns
  3006 | D:4      | Killed Grinder
  3006 | D:4      | Reached skill level 5 in Fighting
  3006 | D:4      | Reached skill level 5 in Armour
  3006 | D:4      | Reached skill level 5 in Shields
  3006 | D:4      | Reached XP level 7. HP: 25/61 MP: 6/6
  3550 | D:4      | Found a shattered altar of Ashenzari.
  3567 | D:4      | Noticed Eustachio
  3592 | D:4      | Killed Eustachio
  3856 | D:4      | Noticed Edmund
  3865 | D:4      | Killed Edmund
  3991 | D:4      | Noticed Pikel
  4016 | D:4      | Killed Pikel
  4016 | D:4      | Reached XP level 8. HP: 24/71 MP: 7/7
  4400 | D:5      | Entered Level 5 of the Dungeon
  4471 | D:5      | You fall into a shaft and drop 3 floors!
  4544 | D:8      | Noticed Prince Ribbit
  4570 | D:8      | Killed Prince Ribbit
  4581 | D:8      | Reached XP level 9. HP: 66/79 MP: 8/8
  4710 | D:6      | Found a glowing drain.
  4757 | Sewer    | Entered a sewer
  5837 | D:6      | Found a sparkling altar of Nemelex Xobeh.
  6220 | D:6      | Found an opulent altar of Gozag.
  6412 | D:7      | Reached skill level 10 in Axes
  6573 | D:7      | Found a staircase to the Ecumenical Temple.
  6589 | Temple   | Entered the Ecumenical Temple
  6622 | Temple   | Became a worshipper of Qazlal Stormbringer
  7673 | D:8      | Reached * piety under Qazlal
  7713 | D:8      | Found a burning altar of Makhleb.
  8074 | D:8      | Found the brooch of Shielding {Reflect SH+8}
  8149 | D:8      | Reached XP level 10. HP: 86/88 MP: 9/9
  8250 | D:8      | Got a transparent leather armour
  8269 | D:8      | Identified the +0 leather armour of the Tundras {*Drain
                  | +Blink Slay+3} (You found it on level 8 of the Dungeon)
  8593 | D:9      | Found a staircase to the Orcish Mines.
  9025 | D:10     | Entered Level 10 of the Dungeon
  9157 | D:10     | Noticed a death yak
  9160 | D:10     | Noticed a death yak
  9160 | D:10     | Noticed a death yak
  9160 | D:10     | Noticed a death yak
  9163 | D:10     | Noticed a death yak
  9171 | D:10     | Reached ** piety under Qazlal
  9172 | D:10     | Killed a death yak
  9174 | D:10     | Killed a death yak
  9175 | D:10     | Reached XP level 11. HP: 70/97 MP: 10/10
  9330 | D:10     | Found a staircase to the Lair.
  9346 | D:9      | Killed a death yak
  9346 | D:9      | Reached skill level 10 in Fighting
  9346 | D:9      | Reached skill level 10 in Armour
  9477 | D:9      | Killed a death yak
  9477 | D:9      | Reached skill level 10 in Shields
  9532 | D:10     | Killed a death yak
  9896 | D:10     | Noticed a two-headed ogre
  9905 | D:10     | Killed a two-headed ogre
 10149 | D:10     | Found a blossoming altar of Fedhas.
 10721 | D:11     | Reached *** piety under Qazlal
 10767 | D:11     | Killed an unseen horror
 10784 | D:11     | Identified the +2 kite shield of Duiz {rElec}
 11087 | D:12     | Reached skill level 1 in Invocations
 11120 | D:12     | Noticed a skeletal warrior
 11122 | D:12     | Noticed a skeletal warrior
 11122 | D:12     | Noticed a skeletal warrior
 11151 | D:11     | Killed a skeletal warrior
 11151 | D:11     | Reached skill level 1 in Evocations
 11155 | D:11     | Killed a skeletal warrior
 11155 | D:11     | Reached XP level 12. HP: 105/108 MP: 10/12
 11163 | D:12     | Got a fine bronze ring
 11167 | D:12     | Identified the ring "Fett" {rN+ MP-9 Str+4} (You found it
                  | on level 12 of the Dungeon)
 11563 | D:12     | Found a frozen archway.
 11567 | D:12     | Reached **** piety under Qazlal
 11591 | IceCv    | Entered an ice cave
 11921 | IceCv    | Reached skill level 5 in Invocations
 12142 | IceCv    | Reached skill level 5 in Evocations
 12160 | IceCv    | Reached ***** piety under Qazlal
 12436 | IceCv    | Found an ancient bone altar of Kikubaaqudgha.
 12838 | Lair:1   | Entered Level 1 of the Lair of Beasts
 12923 | Lair:1   | Noticed Erica
 12929 | Lair:1   | Killed Erica
 14052 | Lair:2   | Noticed a seven-headed hydra
 14064 | Lair:2   | Killed a six-headed hydra
 14078 | Lair:2   | Reached XP level 13. HP: 62/114 MP: 17/17
 14441 | Lair:2   | Found a hole to the Spider Nest.
 15344 | Lair:2   | Found a staircase to the Swamp.
 15495 | Lair:3   | Got a pitted war axe
 15496 | Lair:3   | Identified the cursed +2 war axe of Keaho {freeze, +Fly
                  | rElec rC+ Stlth+} (You found it on level 3 of the Lair of
                  | Beasts)
 15568 | Lair:3   | Reached skill level 1 in Dodging
 16634 | Lair:4   | Reached ****** piety under Qazlal
 16659 | Lair:4   | Found a gate leading to a gauntlet.
 16670 | Gauntlet | Entered a Gauntlet
 16670 | Gauntlet | Found a transporter.
 16670 | Gauntlet | Found a transporter.
 16670 | Gauntlet | Found a transporter.
 16672 | Gauntlet | Found a transporter.
 16675 | Gauntlet | Found a transporter.
 16677 | Gauntlet | Found a large runed translucent door.
 16678 | Gauntlet | Found a large runed translucent door.
 16679 | Gauntlet | Found a large runed translucent door.
 16679 | Gauntlet | Found a large runed translucent door.
 16679 | Gauntlet | Found a runed translucent door.
 16680 | Gauntlet | Found a large runed translucent door.
 16686 | Gauntlet | Found a transporter.
 16692 | Gauntlet | Found a transporter.
 16694 | Gauntlet | Found a transporter.
 16702 | Gauntlet | Found a large runed translucent door.
 16703 | Gauntlet | Found a large runed translucent door.
 16704 | Gauntlet | Found a large runed translucent door.
 16705 | Gauntlet | Found a runed translucent gate.
 16707 | Gauntlet | Found a transporter.
 16729 | Gauntlet | Found a transporter.
 16754 | Gauntlet | Found a transporter.
 16815 | Gauntlet | Found a large runed translucent door.
 16816 | Gauntlet | Found a large runed translucent door.
 16817 | Gauntlet | Found a large runed translucent door.
 16817 | Gauntlet | Found a large runed translucent door.
 16817 | Gauntlet | Found a runed translucent door.
 16818 | Gauntlet | Found a large runed translucent door.
 16819 | Gauntlet | Found a large runed translucent door.
 16820 | Gauntlet | Found a large runed translucent door.
 16820 | Gauntlet | Found a large runed translucent door.
 16821 | Gauntlet | Found a runed translucent gate.
 16821 | Gauntlet | Found a runed translucent gate.
 16823 | Gauntlet | Found a transporter.
 17038 | Gauntlet | Got a scorched ring mail
 17049 | Gauntlet | Identified the +4 ring mail of Fun and Games {-Tele rF++}
                  | (You found it in a Gauntlet)
 17181 | Gauntlet | Reached skill level 15 in Axes
 17237 | Gauntlet | Noticed a minotaur
 17245 | Gauntlet | Killed a minotaur
 17252 | Gauntlet | Identified the Papyrus of Flamy Weightlessness
 17489 | Lair:4   | Noticed Josephine
 17494 | Lair:4   | Killed Josephine
 18092 | Lair:5   | Reached XP level 14. HP: 123/123 MP: 19/19
 18105 | Lair:5   | You are sucked into a shaft and drop 1 floor!
 18105 | Lair:6   | Entered Level 6 of the Lair of Beasts
 18782 | Lair:6   | Reached skill level 5 in Dodging
 18882 | Lair:6   | Found a viscous altar of Jiyva.
 18882 | Lair:6   | Found a staircase to the Slime Pits.
 19109 | Lair:6   | Identified Fidef's Guide on Contamination
 19818 | Orc:1    | Entered Level 1 of the Orcish Mines
 19954 | Orc:2    | Entered Level 2 of the Orcish Mines
 20091 | Orc:2    | Found a staircase to the Elven Halls.
 20348 | Orc:2    | Found Amonar's Antique Armour Shoppe.
 20348 | Orc:2    | Found Muder's Magic Scroll Emporium.
 20349 | Orc:2    | Found Nuir's Antique Armour Emporium.
 20352 | Orc:2    | Found Guvun's Magic Scroll Shoppe.
 20357 | Orc:2    | Bought the +2 shield of Resistance {rF+ rC+ MR+} for 1150
                  | gold pieces
 20357 | Orc:2    | Found the +2 shield of Resistance {rF+ rC+ MR+}
 20369 | Orc:2    | Bought a glowing hat for 224 gold pieces
 20395 | Orc:2    | Bought a scroll of teleportation for 39 gold pieces
 20395 | Orc:2    | Bought a scroll of identify for 26 gold pieces
 20397 | Orc:2    | Bought a scroll of blinking for 112 gold pieces
 20397 | Orc:2    | Bought a scroll of teleportation for 45 gold pieces
 20397 | Orc:2    | Bought a scroll of teleportation for 45 gold pieces
 20397 | Orc:2    | Bought a scroll of teleportation for 45 gold pieces
 20458 | Orc:2    | Reached XP level 15. HP: 133/133 MP: 20/20
 21294 | Spider:1 | Entered Level 1 of the Spider Nest
 22205 | Spider:2 | Noticed Nikola
 22237 | Spider:1 | Killed Nikola
 24314 | Spider:3 | Reached XP level 16. HP: 146/146 MP: 21/21
 24641 | Spider:4 | Entered Level 4 of the Spider Nest
 24641 | Spider:4 | Found a runed translucent door.
 24641 | Spider:4 | Noticed Womat's ghost (adept TrFi)
 25165 | Spider:4 | Reached skill level 10 in Dodging
 26204 | Spider:4 | Reached skill level 15 in Armour
 26206 | Spider:4 | Reached skill level 15 in Fighting
 26344 | Spider:4 | Reached skill level 15 in Shields
 26637 | Spider:4 | Got a gossamer rune of Zot
 26881 | Elf:1    | Entered Level 1 of the Elven Halls
 27184 | Elf:1    | Reached XP level 17. HP: 156/156 MP: 22/22
 27663 | Elf:1    | Identified the Reference Book on Conjuration
 28554 | Elf:2    | Noticed a Tzitzimitl
 28834 | Elf:2    | Found a huge runed translucent gate.
 28834 | Elf:2    | Found a huge runed translucent gate.
 28834 | Elf:2    | Found a huge runed translucent gate.
 28836 | Elf:2    | Found a huge runed translucent gate.
 28837 | Elf:2    | Found a huge runed translucent gate.
 29464 | Swamp:1  | Entered Level 1 of the Swamp
 29517 | Swamp:1  | Noticed Frances
 29533 | Swamp:1  | Killed Frances
 29603 | Swamp:1  | Found a runed translucent gate.
 29603 | Swamp:1  | Found a runed translucent gate.
 29603 | Swamp:1  | Found a runed translucent gate.
 29610 | Swamp:1  | Noticed Qugul's ghost (journeyman MiFi)
 29786 | Swamp:1  | You are sucked into a shaft and drop 1 floor!
 29831 | Swamp:2  | Reached XP level 18. HP: 157/168 MP: 23/23
 30830 | Swamp:3  | Noticed Bai Suzhen
 30852 | Swamp:3  | Identified the cursed +1 mace "Hysuebu" {flame, rF+ MR-
                  | Str+2}
 31110 | Swamp:3  | Killed Bai Suzhen
 31587 | Swamp:4  | Entered Level 4 of the Swamp
 32307 | Swamp:4  | Got a decaying rune of Zot
 33005 | D:13     | Found a basalt altar of Yredelemnul.
 33087 | D:13     | Found a shimmering blue altar of Sif Muna.
 33254 | D:13     | Found a gate to the Vaults.
 33660 | D:14     | Reached XP level 19. HP: 179/179 MP: 24/24
 34072 | D:14     | Found a glowing golden altar of the Shining One.
 34286 | D:15     | Entered Level 15 of the Dungeon
 34825 | D:15     | Found a staircase to the Depths.
 35178 | Vaults:1 | Entered Level 1 of the Vaults
 35370 | Vaults:1 | Found a ruined gateway.
 35374 | Desolati | Entered the Desolation of Salt
 35426 | Desolati | Identified the cursed +1 battleaxe of Doregu {vorpal, rN+
                  | Str+4 Stlth-}
 35697 | Desolati | Reached skill level 15 in Dodging
 35754 | Desolati | Identified the Collected Works on Poison and Clay
 35761 | Desolati | Identified the +2 scale mail of the Alphagorgon {rC+} (You
                  | found it in the Desolation of Salt)
 35885 | Desolati | Identified Deoduid's Reference Book on Feathers and Boosts
 35887 | Desolati | Identified the Handbook of Mutagenic Aid
 35906 | Desolati | Identified the ring "Rayhirok" {rPois Str+3 Int+6 Dex-3}
                  | (You found it in the Desolation of Salt)
 35914 | Desolati | Got a translucent granite ring
 35915 | Desolati | Identified the ring "Niucelis" {rN+++ EV+5 Dex+3} (You
                  | found it in the Desolation of Salt)
 35988 | Desolati | Identified the Catalogue of the Volcanoes
 35992 | Desolati | Identified the +8 plate armour of a Billion Scars {Str+4
                  | Stlth+} (You found it in the Desolation of Salt)
 35997 | Desolati | Identified the ring "Muturinn" {rPois rC+ rN+ MR++ Dex+4}
                  | (You found it in the Desolation of Salt)
 36587 | Vaults:1 | Reached XP level 20. HP: 189/189 MP: 25/25
 37214 | Vaults:2 | Found Morikutadi's Jewellery Shop.
 37251 | Vaults:2 | Found Opam Uny's Weapon Shoppe.
 37500 | Vaults:2 | Noticed Mara
 37526 | Vaults:2 | Noticed ReteAZ's illusion
 37563 | Vaults:2 | Killed Mara
 37625 | Vaults:2 | Identified the +6 arbalest "Fuen Sei" {freeze, rN+ Str-2
                  | Dex+2}
 37785 | Vaults:2 | Found a staircase to the Crypt.
 38241 | Vaults:2 | Found Ziavih's Weapon Shoppe.
 39118 | Vaults:3 | Reached XP level 21. HP: 200/200 MP: 26/26
 40048 | Vaults:4 | Found Nong's General Store.
 40060 | Vaults:4 | Bought a scroll of teleportation for 51 gold pieces
 40060 | Vaults:4 | Bought a scroll of identify for 34 gold pieces
 40663 | Vaults:5 | Entered Level 5 of the Vaults
 40676 | Vaults:5 | Noticed Xtahua
 40719 | Vaults:5 | Killed Xtahua
 40832 | Vaults:5 | Reached XP level 22. HP: 193/211 MP: 27/27
 41003 | Vaults:5 | Noticed a golden dragon
 41014 | Vaults:5 | Killed a golden dragon
 41384 | Vaults:5 | Identified Aggumnon's Tome of Changing and Venom
 41748 | Vaults:5 | Noticed a golden dragon
 41765 | Vaults:5 | Killed a golden dragon
 41810 | Vaults:5 | Found Feibbet's Jewellery Shoppe.
 41853 | Vaults:5 | Found Xeymib's Antique Armour Shoppe.
 41865 | Vaults:5 | Bought a pair of runed gloves for 330 gold pieces
 41879 | Vaults:5 | Got a silver rune of Zot
 41926 | Vaults:5 | Noticed an ancient lich
 41943 | Vaults:5 | Killed an ancient lich
 42376 | Depths:1 | Entered Level 1 of the Depths
 42447 | Depths:1 | Reached XP level 23. HP: 222/222 MP: 28/28
 42719 | Depths:1 | Found a one-way gate to the infinite horrors of the Abyss.
 42788 | Depths:1 | Found a gateway to Hell.
 43309 | Depths:2 | Noticed the Enchantress
 43318 | Depths:2 | Killed the Enchantress
 43330 | Depths:2 | Noticed Saint Roka
 43341 | Depths:2 | Noticed a caustic shrike
 43357 | Depths:2 | Killed a caustic shrike
 43360 | Depths:2 | Found Nodeaserph's Weapon Boutique.
 43369 | Depths:2 | Killed Saint Roka
 43518 | Depths:2 | Noticed a juggernaut
 43540 | Depths:2 | Killed a juggernaut
 44030 | Depths:2 | Identified Obugocah's Guide on Transmutation
 44034 | Depths:2 | Identified the amulet of Kolugiudgh {Harm *Drain rPois}
                  | (You found it on level 2 of the Depths)
 44551 | Depths:3 | Noticed Margery
 44556 | Depths:3 | Reached XP level 24. HP: 216/234 MP: 28/28
 44661 | Depths:3 | Killed Margery
 44815 | Depths:3 | Found a gateway to a ziggurat.
 44908 | Depths:3 | Noticed Jory
 44935 | Depths:3 | Killed Jory
 44979 | Depths:3 | Found a one-way gate leading to the halls of Pandemonium.
 45052 | Depths:3 | Found a basalt altar of Yredelemnul.
 45604 | Depths:4 | Identified the ring "Cumy" {Fire +Blink Str+2 Dex+4 Stlth+}
                  | (You found it on level 4 of the Depths)
 45935 | Depths:4 | Found a portal to a secret trove of treasure.
 46205 | Depths:4 | Reached XP level 25. HP: 245/245 MP: 28/28
 46533 | Depths:5 | Entered Level 5 of the Depths
 46672 | Depths:5 | Found a gate to the Realm of Zot.
 46977 | Depths:5 | Found Yrum's Weapon Shop.
 46977 | Depths:5 | Found Xozagyqu's Distillery.
 46991 | Depths:5 | Bought a potion of cancellation for 160 gold pieces
 46991 | Depths:5 | Bought a potion of might for 80 gold pieces
 46991 | Depths:5 | Bought a potion of curing for 60 gold pieces
 46991 | Depths:5 | Bought a potion of curing for 60 gold pieces
 46991 | Depths:5 | Bought a potion of haste for 200 gold pieces
 46991 | Depths:5 | Bought a potion of curing for 60 gold pieces
 47499 | Elf:3    | Entered Level 3 of the Elven Halls
 47562 | Elf:3    | Noticed Louise
 47576 | Elf:3    | Killed Louise
 47798 | Elf:3    | Found a runed translucent gate.
 47798 | Elf:3    | Found a runed translucent gate.
 47798 | Elf:3    | Found a runed translucent gate.
 47818 | Elf:3    | Identified the +6 trident of Hesuifum {freeze, *Rage rElec
                  | rC+ Int+7}
 47842 | Elf:3    | Identified the cursed ring of Ubloef {rC- rN+++ AC-2 Str-3
                  | Dex+8}
 47880 | Elf:3    | Identified the +4 demon trident "Isutiuv" {vamp, rElec
                  | rPois rF- Str-3}
 47885 | Elf:3    | Identified the ring "Utetec" {rElec rCorr Dex+2}
 47892 | Elf:3    | Identified the +10 mace of Woe {vorpal, rElec rN+ Int+4}
 47999 | Elf:3    | Identified the +9 dagger of Goantaj {pain, Str-5 Dex+2
                  | SInv}
 48027 | Elf:3    | Noticed Emblim88's ghost (adept GnFi)
 48086 | Elf:3    | Identified the +1 ring mail of Qaumakh {+Fly Slay+6} (You
                  | found it on level 3 of the Elven Halls)
 48175 | Elf:3    | Identified a scroll of acquirement
 48234 | Elf:3    | Got a twisted robe
 48245 | Elf:3    | Identified the +2 robe of Fun and Games {+Blink +Inv rPois
                  | rCorr Str-2} (You found it on level 3 of the Elven Halls)
 48543 | Elf:3    | Paralysed by a Zot trap for 4 turns
 48809 | Elf:3    | Killed Emblim88's ghost
 48841 | Elf:3    | Identified the +2 helmet of Dust Devil {rElec Int+2} (You
                  | found it on level 3 of the Elven Halls)
 49161 | Slime:1  | Entered Level 1 of the Pits of Slime
 49172 | Slime:1  | Gained mutation: Your body sometimes deteriorates upon
                  | taking damage. [a shining eye]
 49180 | Slime:1  | Gained mutation: Your body often deteriorates upon taking
                  | damage. [a shining eye]
 49183 | Slime:1  | Gained mutation: You are partially covered in iridescent
                  | scales. (AC +2) [a shining eye]
 49321 | Slime:3  | Gained mutation: You are weak. (Str -2) [a shining eye]
 49323 | Slime:3  | Gained mutation: You are very weak. (Str -4) [a shining
                  | eye]
 49325 | Slime:3  | Gained mutation: You are dopey. (Int -2) [a shining eye]
 49334 | Slime:3  | Gained mutation: Scrolls take you a little longer to read.
                  | [a shining eye]
 49336 | Slime:3  | Gained mutation: You are occasionally teleported next to
                  | monsters. [a shining eye]
 49336 | Slime:3  | Gained mutation: You are frail. (-10% HP) [a shining eye]
 49341 | Slime:3  | Reached XP level 26. HP: 230/230 MP: 18/28
 49362 | Slime:3  | Lost mutation: Your body often deteriorates upon taking
                  | damage. [potion of mutation]
 49362 | Slime:3  | Lost mutation: You are dopey. (Int -2) [potion of mutation]
 49362 | Slime:3  | Lost mutation: Scrolls take you a little longer to read.
                  | [potion of mutation]
 49362 | Slime:3  | Lost mutation: You are frail. (-10% HP) [potion of
                  | mutation]
 49362 | Slime:3  | Gained mutation: Armour fits poorly on your strangely
                  | shaped body. [potion of mutation]
 49362 | Slime:3  | Gained mutation: You have a pair of large horns on your
                  | head. [potion of mutation]
 49363 | Slime:3  | Lost mutation: You have a pair of large horns on your head.
                  | [potion of mutation]
 49363 | Slime:3  | Lost mutation: You are very weak. (Str -4) [potion of
                  | mutation]
 49363 | Slime:3  | Lost mutation: You are weak. (Str -2) [potion of mutation]
 49363 | Slime:3  | Lost mutation: Your body sometimes deteriorates upon taking
                  | damage. [potion of mutation]
 49363 | Slime:3  | Gained mutation: You have large cloven feet. [potion of
                  | mutation]
 49389 | Slime:4  | Gained mutation: Your spells are a little easier to cast,
                  | but a little less powerful. [a shining eye]
 49392 | Slime:4  | Gained mutation: You are weak. (Str -2) [a shining eye]
 49514 | Slime:5  | Entered Level 5 of the Pits of Slime
 49560 | Slime:5  | Noticed the Royal Jelly
 49653 | Slime:5  | Gained mutation: Your magical capacity is low. (-10% MP) [a
                  | shining eye]
 49665 | Slime:5  | Gained mutation: Potions are less effective at restoring
                  | your health. [a shining eye]
 49678 | Slime:5  | Gained mutation: Your magical capacity is very low. (-20%
                  | MP) [a shining eye]
 49723 | Slime:5  | Gained mutation: Scrolls take you a little longer to read.
                  | [a shining eye]
 49724 | Slime:5  | Gained mutation: You are dopey. (Int -2) [a shining eye]
 49751 | Slime:5  | Found a viscous altar of Jiyva.
 49796 | Slime:5  | Killed the Royal Jelly
 49845 | Slime:5  | Got a slimy rune of Zot
 49872 | Slime:5  | Got a flickering turquoise ring
 49895 | Slime:5  | Got a coiled bone ring
 49906 | Slime:5  | Got a faintly glowing amber ring
 49966 | Slime:5  | Identified the ring "Omiox" {rPois rF++ rC- rN+++} (You
                  | found it on level 5 of the Pits of Slime)
 49968 | Slime:5  | Identified the ring "Utig" {Ice Stlth+} (You found it on
                  | level 5 of the Pits of Slime)
 49970 | Slime:5  | Identified the ring "Zerovam" {rPois rCorr Str+4 Int-3
                  | SInv} (You found it on level 5 of the Pits of Slime)
 49979 | Slime:5  | Got a scorched crystal plate armour
 49992 | Slime:5  | Identified the +13 crystal plate armour of the Lair of
                  | Beasts {-Cast rElec Regen+ Int+3} (You found it on level 5
                  | of the Pits of Slime)
 50028 | Slime:5  | Got a pair of twisted gloves
 50034 | Slime:5  | Identified the cursed +0 pair of gloves of Tender Moments
                  | {rElec Int+2 Slay-2} (You found it on level 5 of the Pits
                  | of Slime)
 50075 | Slime:5  | Identified a +0 pair of boots of running (You found it on
                  | level 5 of the Pits of Slime)
 50848 | Depths:5 | Bought a potion of curing for 60 gold pieces
 50848 | Depths:5 | Bought a potion of might for 80 gold pieces
 50848 | Depths:5 | Bought a potion of curing for 60 gold pieces
 50848 | Depths:5 | Bought a potion of mutation for 160 gold pieces
 50848 | Depths:5 | Bought a potion of mutation for 160 gold pieces
 50949 | Trove    | Entered a treasure trove
 51039 | Trove    | Reached XP level 27. HP: 265/265 MP: 23/23
 51413 | Temple   | Fell from the grace of Qazlal
 51413 | Temple   | Became a worshipper of Zin the Law-Giver
 51413 | Temple   | Reached * piety under Zin
 51413 | Temple   | Reached ** piety under Zin
 51523 | D:10     | Donated 1820 gold pieces to Zin
 51547 | D:10     | Reached *** piety under Zin
 51647 | D:15     | Reached **** piety under Zin
 51817 | Zot:1    | Entered Level 1 of the Realm of Zot
 51819 | Zot:1    | Reached ***** piety under Zin
 51831 | Zot:1    | Identified the ring of the Hippo {rElec rPois MR- MP+9}
 51844 | Zot:1    | Reached skill level 10 in Invocations
 51876 | Zot:1    | Reached skill level 10 in Evocations
 53207 | Zot:1    | Reached ****** piety under Zin
 53434 | Zot:1    | Found a shimmering blue altar of Sif Muna.
 53868 | Zot:1    | Lost mutation: Scrolls take you a little longer to read.
                  | [potion of mutation]
 53868 | Zot:1    | Lost mutation: You are weak. (Str -2) [potion of mutation]
 53868 | Zot:1    | Lost mutation: You are dopey. (Int -2) [potion of mutation]
 53868 | Zot:1    | Lost mutation: Your spells are a little easier to cast, but
                  | a little less powerful. [potion of mutation]
 53869 | Zot:1    | Lost mutation: Potions are less effective at restoring your
                  | health. [potion of mutation]
 53869 | Zot:1    | Lost mutation: You have large cloven feet. [potion of
                  | mutation]
 53870 | Zot:1    | Lost mutation: Armour fits poorly on your strangely shaped
                  | body. [potion of mutation]
 53870 | Zot:1    | Lost mutation: Your magical capacity is very low. (-20% MP)
                  | [potion of mutation]
 53870 | Zot:1    | Lost mutation: You are occasionally teleported next to
                  | monsters. [potion of mutation]
 53966 | Zot:1    | Reached skill level 15 in Invocations
 54853 | Zot:3    | Noticed an orb of fire
 54892 | Zot:3    | Killed an orb of fire
 56244 | Zot:4    | Noticed an orb of fire
 56255 | Zot:4    | Killed an orb of fire
 56325 | Zot:4    | Got a fine sapphire amulet
 56326 | Zot:4    | Identified the amulet "Casibb" {Inacc rC+} (You found it on
                  | level 4 of the Realm of Zot)
 56395 | Zot:5    | Entered Level 5 of the Realm of Zot
 57103 | Zot:5    | Was forgiven by Qazlal
 57350 | Depths:4 | Voluntarily entered the Abyss.
 57466 | Abyss:2  | Found a radiant altar of Vehumet.
 58792 | Abyss:4  | Found a glowing golden altar of the Shining One.
 58831 | Abyss:4  | Noticed a juggernaut
 58844 | Abyss:4  | Killed a juggernaut
 58848 | Abyss:4  | Got an abyssal rune of Zot
 59026 | Abyss:4  | Paralysed by accursed screaming for 1 turns
 59258 | Depths:4 | Escaped the Abyss
 59491 | Zot:5    | Noticed an ancient lich
 59518 | Zot:5    | Killed an ancient lich
 59629 | Zot:5    | Noticed an orb of fire
 59645 | Zot:5    | Noticed an ancient lich
 59671 | Zot:5    | Noticed an orb of fire
 59677 | Zot:5    | Killed an orb of fire
 59685 | Zot:5    | Killed an orb of fire
 59696 | Zot:5    | Killed an ancient lich
 60068 | Zot:5    | Lost mutation: Your magical capacity is low. (-10% MP) [the
                  | power of Zot]
 61778 | Swamp:1  | Killed Qugul's ghost
 61997 | Spider:4 | Killed Womat's ghost
 62379 | D:14     | Fell from the grace of Zin
 62379 | D:14     | Became a worshipper of the Shining One
 62379 | D:14     | Reached * piety under the Shining One
 62379 | D:14     | Reached ** piety under the Shining One
 62379 | D:14     | Reached *** piety under the Shining One
 62547 | Crypt:1  | Entered Level 1 of the Crypt
 62560 | Crypt:1  | Reached **** piety under the Shining One
 62616 | Crypt:1  | Reached ***** piety under the Shining One
 63201 | Crypt:2  | Reached ****** piety under the Shining One
 64374 | Hell     | Entered the Vestibule of Hell
 64374 | Hell     | Noticed Geryon
 64393 | Hell     | Killed Geryon
 64601 | Hell     | Found a gateway to the Iron City of Dis.
 64673 | Hell     | Found a gateway to the ashen valley of Gehenna.
 64752 | Hell     | Found a gateway to the decaying netherworld of Tartarus.
 64808 | Hell     | Found a gateway to the freezing wastes of Cocytus.
 65206 | Crypt:3  | Entered Level 3 of the Crypt
 65315 | Crypt:3  | Found an ancient bone altar of Kikubaaqudgha.
 65832 | Crypt:3  | Found a staircase to the Tomb.
 65832 | Crypt:3  | Noticed an ancient lich
 65842 | Crypt:3  | Killed an ancient lich
 66635 | Tar:1    | Entered Level 1 of Tartarus
 67301 | Tar:1    | Reached skill level 27 in Armour
 67401 | Tar:1    | Reached skill level 27 in Fighting
 67588 | Tar:2    | Reached skill level 27 in Shields
 68245 | Tar:2    | Gained mutation: You are weak. (Str -2) [mutagenic glow]
 68272 | Tar:2    | Gained mutation: You occasionally shout uncontrollably at
                  | your foes. [mutagenic glow]
 68305 | Tar:2    | Gained mutation: You are clumsy. (Dex -2) [mutagenic glow]
 68697 | Tar:4    | Lost mutation: You are clumsy. (Dex -2) [mutagenic glow]
 68883 | Tar:7    | Entered Level 7 of Tartarus
 68966 | Tar:7    | Reached skill level 27 in Axes
 69288 | Tar:7    | Learned a level 6 spell: Statue Form
 69313 | Tar:7    | Reached skill level 1 in Transmutations
 69313 | Tar:7    | Reached skill level 1 in Earth Magic
 69326 | Tar:7    | Reached skill level 1 in Spellcasting
 69679 | Tar:7    | Identified the Tome of the Mountains
 69682 | Tar:7    | Identified the Almanac of Vitriolic Air
 69685 | Tar:7    | Identified the +0 war axe of the Wary Queens {vorpal, rF+
                  | rC+ MR+} (You found it on level 7 of Tartarus)
 69952 | Tar:7    | Noticed Ereshkigal
 69979 | Tar:7    | Killed Ereshkigal
 69979 | Tar:7    | Reached skill level 5 in Transmutations
 69979 | Tar:7    | Reached skill level 5 in Earth Magic
 70004 | Tar:7    | Identified the +8 broad axe of the Puffball {flame, rPois
                  | rN+ Int+3 Dex-5}
 70004 | Tar:7    | Identified the ring of Usaxtiot {+Fly rF+ rN+ MP-9 Str+3}
 70026 | Tar:7    | Got a bone rune of Zot
 70243 | Coc:1    | Entered Level 1 of Cocytus
 70371 | Coc:2    | Reached skill level 5 in Spellcasting
 70938 | Coc:7    | Entered Level 7 of Cocytus
 71448 | Coc:7    | Noticed Antaeus
 71474 | Coc:7    | Killed Antaeus
 71487 | Coc:7    | Got an icy rune of Zot
 71508 | Coc:7    | Identified the +5 ring mail of the Constellations {rElec
                  | MR+++ Str-4} (You found it on level 7 of Cocytus)
 71513 | Coc:7    | Identified the +6 hand axe of Propriety {flame, MR++} (You
                  | found it on level 7 of Cocytus)
 71698 | Depths:1 | Voluntarily entered the Abyss.
 71736 | Abyss:1  | Noticed an ancient lich
 71750 | Abyss:1  | Killed an ancient lich
 71750 | Abyss:1  | Paralysed by accursed screaming for 1 turns
 71797 | Abyss:1  | Identified the ring "Esin" {Wiz Str+3 Int+5 Slay-2 Stlth+}
                  | (You acquired it on level 1 of the Abyss)
 71832 | Abyss:1  | Reached skill level 10 in Transmutations
 71832 | Abyss:1  | Reached skill level 10 in Earth Magic
 71913 | Abyss:1  | Found a corrupted altar of Lugonu.
 72362 | Abyss:1  | Paralysed by accursed screaming for 1 turns
 72368 | Abyss:1  | Paralysed by accursed screaming for 2 turns
 72745 | Abyss:1  | Gained mutation: You are occasionally teleported next to
                  | monsters. [a neqoxec]
 72750 | Abyss:1  | Gained mutation: You tend to lose your temper in combat. [a
                  | neqoxec]
 72756 | Abyss:1  | Gained mutation: You often lose your temper in combat. [a
                  | neqoxec]
 72768 | Abyss:1  | Paralysed by accursed screaming for 1 turns
 73149 | Abyss:1  | Noticed an ancient lich
 73153 | Abyss:1  | Killed an ancient lich
 73236 | Abyss:1  | Found a corrupted altar of Lugonu.
 73251 | Abyss:1  | Identified the +0 pair of boots of Protective Custody
                  | {-Cast Int+8 Dex+4 Stlth-} (You acquired it on level 1 of
                  | the Abyss)
 74043 | Abyss:1  | Noticed an ancient lich
 74050 | Abyss:1  | Killed an ancient lich
 74050 | Abyss:1  | Reached skill level 10 in Spellcasting
 74257 | Abyss:1  | Found a corrupted altar of Lugonu.
 74261 | Abyss:1  | Paralysed by accursed screaming for 1 turns
 74269 | Abyss:1  | Paralysed by accursed screaming for 1 turns
 74277 | Abyss:1  | Identified the ring of Ahefool {Wiz rPois} (You found it on
                  | level 1 of the Abyss)
 74279 | Abyss:1  | Found a transporter.
 74281 | Abyss:1  | Found a transporter.
 74322 | Abyss:1  | Found a transporter.
 74475 | Abyss:1  | Paralysed by accursed screaming for 1 turns
 74572 | Abyss:1  | Found a corrupted altar of Lugonu.
 74630 | Abyss:1  | Found a corrupted altar of Lugonu.
 75362 | Abyss:1  | Found a corrupted altar of Lugonu.
 75993 | Abyss:1  | Identified a +9 broad axe of holy wrath (a +9 broad axe of
                  | flaming blessed by the Shining One)
 75993 | Abyss:1  | Received a gift from the Shining One
 78333 | Abyss:1  | Identified the +1 scale mail of Satisfaction {Int+6} (You
                  | found it on level 1 of the Abyss)
 78380 | Abyss:1  | Found a corrupted altar of Lugonu.
 78532 | Abyss:1  | Gained mutation: You are very frail. (-20% HP) [a neqoxec]
 78724 | Abyss:1  | Found a hide-covered altar of Uskayaw.
 78734 | Abyss:1  | Gained mutation: Scrolls take you a little longer to read.
                  | [a neqoxec]
 78816 | Abyss:1  | Found a hide-covered altar of Uskayaw.
 78836 | Abyss:1  | Paralysed by accursed screaming for 1 turns
 79209 | Abyss:1  | Paralysed by accursed screaming for 1 turns
 79400 | Abyss:1  | Gained mutation: You are very weak. (Str -4) [a neqoxec]
 79785 | Abyss:1  | Gained mutation: Scrolls take you longer to read. [a
                  | neqoxec]
 80025 | Abyss:1  | Gained mutation: You are partially covered in yellow
                  | scales. (AC +2) [a cacodemon]
 80492 | Abyss:2  | Found a shimmering blue altar of Sif Muna.
 80523 | Abyss:2  | Gained mutation: Scrolls take you much longer to read. [a
                  | neqoxec]
 80706 | Abyss:2  | Gained mutation: You are dopey. (Int -2) [a neqoxec]
 80707 | Abyss:2  | Gained mutation: Your body sometimes deteriorates upon
                  | taking damage. [a neqoxec]
 80807 | Abyss:2  | Found a corrupted altar of Lugonu.
 80964 | Abyss:2  | Reached skill level 15 in Transmutations
 80964 | Abyss:2  | Reached skill level 15 in Earth Magic
 81226 | Abyss:2  | Got a warped bone ring
 81230 | Abyss:2  | Identified the ring "Ugoec" {*Drain rF++ Str+5 Int+7} (You
                  | found it on level 2 of the Abyss)
 81268 | Abyss:2  | Paralysed by accursed screaming for 1 turns
 82384 | Abyss:2  | Noticed an ancient lich
 82411 | Abyss:2  | Killed an ancient lich
 82668 | Abyss:2  | Found an ornate altar of the Wu Jian Council.
 82803 | Abyss:2  | Gained mutation: You are clumsy. (Dex -2) [a shining eye]
 83357 | Abyss:2  | Found a shimmering altar of Xom.
 83680 | Abyss:2  | Identified the ring of Fiplirch {Ice +Inv +Fly MR- Dex+2}
                  | (You found it on level 2 of the Abyss)
 83867 | Depths:1 | Escaped the Abyss
 83887 | Depths:1 | Lost mutation: You are occasionally teleported next to
                  | monsters. [potion of mutation]
 83887 | Depths:1 | Lost mutation: You are dopey. (Int -2) [potion of mutation]
 83887 | Depths:1 | Lost mutation: You are frail. (-10% HP) [potion of
                  | mutation]
 83887 | Depths:1 | Lost mutation: Scrolls take you much longer to read.
                  | [potion of mutation]
 83887 | Depths:1 | Lost mutation: You occasionally shout uncontrollably at
                  | your foes. [potion of mutation]
 83887 | Depths:1 | Gained mutation: You passively map a small area around you.
                  | [potion of mutation]
 83888 | Depths:1 | Lost mutation: You are clumsy. (Dex -2) [potion of
                  | mutation]
 83888 | Depths:1 | Lost mutation: You are partially covered in yellow scales.
                  | (AC +2) [potion of mutation]
 83888 | Depths:1 | Gained mutation: You occasionally shout uncontrollably at
                  | your foes. [potion of mutation]
 83888 | Depths:1 | Gained mutation: You are robust. (+10% HP) [potion of
                  | mutation]
 83888 | Depths:1 | Gained mutation: You have a pair of large horns on your
                  | head. [potion of mutation]
 83889 | Depths:1 | Lost mutation: You occasionally shout uncontrollably at
                  | your foes. [potion of mutation]
 83889 | Depths:1 | Lost mutation: You are very weak. (Str -4) [potion of
                  | mutation]
 83889 | Depths:1 | Lost mutation: You are weak. (Str -2) [potion of mutation]
 83889 | Depths:1 | Lost mutation: You often lose your temper in combat.
                  | [potion of mutation]
 83889 | Depths:1 | Lost mutation: Scrolls take you longer to read. [potion of
                  | mutation]
 83890 | Depths:1 | Lost mutation: You have a pair of large horns on your head.
                  | [potion of mutation]
 83890 | Depths:1 | Lost mutation: You tend to lose your temper in combat.
                  | [potion of mutation]
 83890 | Depths:1 | Lost mutation: Your body sometimes deteriorates upon taking
                  | damage. [potion of mutation]
 83890 | Depths:1 | Lost mutation: You are robust. (+10% HP) [potion of
                  | mutation]
 83890 | Depths:1 | Gained mutation: You are clumsy. (Dex -2) [potion of
                  | mutation]
 83890 | Depths:1 | Gained mutation: You are occasionally teleported next to
                  | monsters. [potion of mutation]
 83890 | Depths:1 | Gained mutation: You are resistant to hostile enchantments.
                  | (MR+) [potion of mutation]
 83958 | Geh:1    | Entered Level 1 of Gehenna
 84447 | Geh:4    | Lost mutation: You are occasionally teleported next to
                  | monsters. [potion of mutation]
 84447 | Geh:4    | Lost mutation: You are clumsy. (Dex -2) [potion of
                  | mutation]
 84447 | Geh:4    | Gained mutation: Your system is resistant to poisons.
                  | (rPois) [potion of mutation]
 84447 | Geh:4    | Gained mutation: You have sharp fingernails. [potion of
                  | mutation]
 84447 | Geh:4    | Gained mutation: You have very sharp fingernails. [potion
                  | of mutation]
 84768 | Geh:7    | Entered Level 7 of Gehenna
 85579 | Geh:7    | Identified the +7 sceptre of Asmodeus
 85579 | Geh:7    | Noticed Asmodeus
 85595 | Geh:7    | Killed Asmodeus
 85595 | Geh:7    | Reached skill level 15 in Spellcasting
 85625 | Geh:7    | Found the cursed +14 obsidian axe {vorpal, +Fly SInv
                  | *Curse}
 85639 | Geh:7    | Got an obsidian rune of Zot
 85645 | Geh:7    | Got a heavily runed wooden ring
 85650 | Geh:7    | Identified the ring of Qicuoc {+Inv rF++ MR- Int+2 Stlth+}
                  | (You found it on level 7 of Gehenna)
 85651 | Geh:7    | Got a transparent lapis lazuli ring
 85654 | Geh:7    | Identified the ring of the Saviour {*Corrode rF+ rC++ MP+9
                  | Stlth+} (You found it on level 7 of Gehenna)
 85654 | Geh:7    | Identified the Handbook of the Volcanoes and Flight
 85661 | Geh:7    | Identified Tiolos's Reference Book on Clay
 85716 | Geh:7    | Identified the +8 hand axe "Loti" {pain, rF+ MP+9 Dex+6}
                  | (You found it on level 7 of Gehenna)
 85809 | Geh:7    | Noticed the Serpent of Hell
 85860 | Dis:1    | Entered Level 1 of the Iron City of Dis
 85981 | Dis:2    | You are sucked into a shaft and drop 2 floors!
 86164 | Dis:4    | You fall into a shaft and drop 1 floor!
 86244 | Dis:7    | Entered Level 7 of the Iron City of Dis
 86878 | Dis:7    | Identified the Tome of Necromancy
 87045 | Dis:7    | Identified the +4 staff of Dispater
 87045 | Dis:7    | Noticed Dispater
 87068 | Dis:7    | Killed Dispater
 87083 | Dis:7    | Identified the +2 plate armour of Hysteria {rF+} (You found
                  | it on level 7 of the Iron City of Dis)
 87115 | Dis:7    | Got an iron rune of Zot
 87568 | Zig:1    | Entered Level 1 of a ziggurat
 87599 | Zig:2    | Entered Level 2 of a ziggurat
 87623 | Zig:3    | Entered Level 3 of a ziggurat
 87659 | Zig:4    | Entered Level 4 of a ziggurat
 87694 | Zig:5    | Entered Level 5 of a ziggurat
 87733 | Zig:6    | Entered Level 6 of a ziggurat
 87773 | Zig:7    | Entered Level 7 of a ziggurat
 87808 | Zig:7    | Identified the Volume of Flight and Curses
 87815 | Zig:8    | Entered Level 8 of a ziggurat
 87823 | Zig:8    | Identified the +0 tower shield of a bazaar {rN+ Dex+4}
 88252 | Zig:9    | Entered Level 9 of a ziggurat
 88308 | Zig:9    | Got a vibrating garnet amulet
 88333 | Zig:10   | Entered Level 10 of a ziggurat
 88376 | Zig:10   | Found the +8 longbow "Zephyr" {speed, Dex+3 SInv}
 88381 | Zig:10   | Got a coiled silver ring
 88383 | Zig:10   | Identified the ring of Pogoyb {rElec rF+ Slay+2 SInv} (You
                  | found it on level 10 of a ziggurat)
 88386 | Zig:10   | Identified the amulet of Zaicki Nahi {+Fly MR+ Regen+
                  | Int+4} (You found it on level 9 of a ziggurat)
 88407 | Zig:11   | Entered Level 11 of a ziggurat
 88412 | Zig:11   | Noticed a greater mummy
 88419 | Zig:11   | Noticed an ancient lich
 88422 | Zig:11   | Killed a greater mummy
 88426 | Zig:11   | Noticed a greater mummy
 88427 | Zig:11   | Killed an ancient lich
 88434 | Zig:11   | Killed a greater mummy
 88604 | Zig:12   | Entered Level 12 of a ziggurat
 88651 | Zig:12   | Identified the Tome of Clay and Enchantment
 88668 | Zig:12   | Identified the amulet of Gin and Tonic {+Blink +Rage rPois
                  | rF+} (You found it on level 12 of a ziggurat)
 88842 | Pan      | Entered Pandemonium
 88984 | Pan      | Identified the +1 scale mail "Geiw" {rF- Str+5} (You found
                  | it in Pandemonium)
 89053 | Pan      | Gained mutation: Your natural rate of healing is unusually
                  | fast. [a neqoxec]
 89175 | Pan      | Noticed Paog the pandemonium lord
 89187 | Pan      | Killed Paog the pandemonium lord
 89405 | Pan      | Entered the realm of Mnoleg.
 89431 | Pan      | Gained mutation: Your spells are a little easier to cast,
                  | but a little less powerful. [a neqoxec]
 89450 | Pan      | Gained mutation: Scrolls take you longer to read. [a
                  | neqoxec]
 89543 | Pan      | Gained mutation: You are occasionally teleported next to
                  | monsters. [a neqoxec]
 89552 | Pan      | Paralysed by a floating eye for 2 turns
 89552 | Pan      | Gained mutation: You occasionally shout uncontrollably at
                  | your foes. [a shining eye]
 89554 | Pan      | Gained mutation: You are weak. (Str -2) [a shining eye]
 89579 | Pan      | Paralysed by a floating eye for 2 turns
 89591 | Pan      | Gained mutation: You are frail. (-10% HP) [a neqoxec]
 89654 | Pan      | Gained mutation: Your body sometimes deteriorates upon
                  | taking damage. [a cacodemon]
 89658 | Pan      | Gained mutation: You are dopey. (Int -2) [a cacodemon]
 89724 | Pan      | Gained mutation: Your spells are easier to cast, but less
                  | powerful. [a neqoxec]
 89727 | Pan      | Gained mutation: Your body often deteriorates upon taking
                  | damage. [a neqoxec]
 89763 | Pan      | Gained mutation: You are very frail. (-20% HP) [a
                  | cacodemon]
 89769 | Pan      | Gained mutation: You are sometimes teleported next to
                  | monsters. [a cacodemon]
 89846 | Pan      | Lost mutation: You are weak. (Str -2) [a neqoxec]
 89848 | Pan      | Lost intelligence.
 89866 | Pan      | Paralysed by a floating eye for 3 turns
 89906 | Pan      | Noticed Mnoleg
 89927 | Pan      | Gained mutation: Scrolls take you much longer to read. [a
                  | shining eye]
 89929 | Pan      | Gained mutation: Your spells are much easier to cast, but
                  | much less powerful. [a cacodemon]
 89931 | Pan      | Paralysed by a floating eye for 3 turns
 89933 | Pan      | Gained mutation: Armour fits poorly on your strangely
                  | shaped body. [Mnoleg's mutagenic touch]
 89935 | Pan      | Gained mutation: You are extremely frail. (-30% HP) [a
                  | shining eye]
 89946 | Pan      | Killed Mnoleg
 89962 | Pan      | Gained mutation: You tend to lose your temper in combat. [a
                  | shining eye]
 90077 | Pan      | Got a glowing rune of Zot
 90137 | Pan      | Gained mutation: You sometimes yell uncontrollably at your
                  | foes. [a neqoxec]
 90138 | Pan      | Lost intelligence.
 90141 | Pan      | Gained mutation: Your magical capacity is low. (-10% MP) [a
                  | neqoxec]
 90163 | Pan      | Lost mutation: You are dopey. (Int -2) [potion of mutation]
 90163 | Pan      | Lost mutation: Your magical capacity is low. (-10% MP)
                  | [potion of mutation]
 90163 | Pan      | Lost mutation: Scrolls take you much longer to read.
                  | [potion of mutation]
 90163 | Pan      | Lost mutation: You are resistant to hostile enchantments.
                  | (MR+) [potion of mutation]
 90163 | Pan      | Gained mutation: You are surrounded by a mild repulsion
                  | field. (EV +2) [potion of mutation]
 90164 | Pan      | Lost mutation: Scrolls take you longer to read. [potion of
                  | mutation]
 90164 | Pan      | Lost mutation: Your system is resistant to poisons. (rPois)
                  | [potion of mutation]
 90164 | Pan      | Lost mutation: Your body often deteriorates upon taking
                  | damage. [potion of mutation]
 90164 | Pan      | Lost mutation: You passively map a small area around you.
                  | [potion of mutation]
 90164 | Pan      | Lost mutation: You sometimes yell uncontrollably at your
                  | foes. [potion of mutation]
 90164 | Pan      | Lost mutation: Scrolls take you a little longer to read.
                  | [potion of mutation]
 90164 | Pan      | Gained mutation: Your mind is acute. (Int +2) [potion of
                  | mutation]
 90564 | Pan      | Lost mutation: You are extremely frail. (-30% HP) [potion
                  | of mutation]
 90564 | Pan      | Lost mutation: You tend to lose your temper in combat.
                  | [potion of mutation]
 90564 | Pan      | Lost mutation: You are very frail. (-20% HP) [potion of
                  | mutation]
 90564 | Pan      | Lost mutation: You are frail. (-10% HP) [potion of
                  | mutation]
 90564 | Pan      | Gained mutation: You are partially covered in thin metallic
                  | scales. (AC +2) [potion of mutation]
 90724 | Pan      | Noticed Biasch Gonli the pandemonium lord
 90741 | Pan      | Killed Biasch Gonli the pandemonium lord
 90856 | Pan      | Gained mutation: You sometimes yell uncontrollably at your
                  | foes. [a cacodemon]
 91078 | Pan      | Found an exit through the horrors of the Abyss.
 91229 | Pan      | Lost mutation: Your natural rate of healing is unusually
                  | fast. [a cacodemon]
 91232 | Pan      | Gained mutation: Potions are less effective at restoring
                  | your health. [a cacodemon]
 91340 | Pan      | Entered the realm of Cerebov.
 91415 | Pan      | Identified the ring of Cyecang {*Tele Str+4 Slay+2}
 91419 | Pan      | Identified the +6 sword of Cerebov {flame}
 91419 | Pan      | Noticed Cerebov
 91450 | Pan      | Killed Cerebov
 91692 | Pan      | Identified the Grimoire of Stolen Souls and Transformation
 91695 | Pan      | Got a warped lapis lazuli ring
 91697 | Pan      | Identified the ring of Life {+Fly Str+4 Stlth-} (You found
                  | it in Pandemonium)
 91753 | Pan      | Got a fiery rune of Zot
 92188 | Pan      | Noticed Muletzoh the pandemonium lord
 92202 | Pan      | Killed Muletzoh the pandemonium lord
 92258 | Pan      | Gained mutation: You are frail. (-10% HP) [a cacodemon]
 92376 | Pan      | Noticed Haruhan the pandemonium lord
 92381 | Pan      | Killed Haruhan the pandemonium lord
 92503 | Pan      | Noticed Xamar the pandemonium lord
 92515 | Pan      | Killed Xamar the pandemonium lord
 92859 | Pan      | Found an exit through the horrors of the Abyss.
 93145 | Pan      | Noticed Werhac the pandemonium lord
 93156 | Pan      | Killed Werhac the pandemonium lord
 93166 | Pan      | Gained mutation: Your body often deteriorates upon taking
                  | damage. [a cacodemon]
 93799 | Pan      | Identified the amulet "Wyucs" {Reflect rPois Str-3 Int+6
                  | SH+3} (You acquired it in Pandemonium)
 93799 | Pan      | Identified the -1 pair of boots of Entitlement {rN+} (You
                  | acquired it in Pandemonium)
 93835 | Pan      | Found an exit through the horrors of the Abyss.
 93854 | Pan      | Noticed Ohittoz the pandemonium lord
 93859 | Pan      | Killed Ohittoz the pandemonium lord
 94088 | Pan      | Gained mutation: Your magical capacity is low. (-10% MP) [a
                  | cacodemon]
 94248 | Pan      | Noticed Niempet the pandemonium lord
 94257 | Pan      | Killed Niempet the pandemonium lord
 94378 | Pan      | Found an exit through the horrors of the Abyss.
 94494 | Pan      | Identified the Reference Book on Enchanting Weightlessness
 94504 | Pan      | Identified the +6 hand axe of Resourcefulness {vorpal, +Inv
                  | rF- Str+3 Int+6} (You acquired it in Pandemonium)
 94504 | Pan      | Identified the +0 pair of boots "Taun" {*Corrode +Inv Str+3
                  | Dex+2} (You acquired it in Pandemonium)
 94829 | Pan      | Entered the realm of Lom Lobon.
 95354 | Pan      | Noticed Lom Lobon
 96436 | Pan      | Killed Lom Lobon
 96496 | Pan      | Got a magical rune of Zot
 96983 | Pan      | Identified the +6 broad axe "Killer Bee's Death" {vorpal,
                  | SInv} (You found it in Pandemonium)
 97049 | Pan      | Gained mutation: You tend to lose your temper in combat. [a
                  | neqoxec]
 97091 | Pan      | Noticed Ximusm the pandemonium lord
 97097 | Pan      | Killed Ximusm the pandemonium lord
 97232 | Pan      | Got a demonic rune of Zot
 97496 | Pan      | Gained mutation: Potions are poor at restoring your health.
                  | [a neqoxec]
 97611 | Pan      | Found an exit through the horrors of the Abyss.
 97807 | Pan      | Upgraded the game from 0.25-a0-651-g8c222c7a2b to
                  | 0.25-a0-661-g55ea3d2053
 98054 | Pan      | Found an exit through the horrors of the Abyss.
 98219 | Pan      | Found a transporter.
 98295 | Pan      | Found a transporter.
 98382 | Pan      | Gained mutation: You are weak. (Str -2) [a cacodemon]
 98444 | Pan      | Got a flickering jade ring
 98456 | Pan      | Got a slimy ivory ring
 98459 | Pan      | Identified the ring "Rocwadoro" {rPois rF+ Int+4 Dex-3
                  | Slay+3} (You found it in Pandemonium)
 98461 | Pan      | Identified the ring "Qolih" {Wiz rElec} (You found it in
                  | Pandemonium)
 98728 | Pan      | Entered the realm of Gloorx Vloq.
 98729 | Pan      | Noticed Mennas
 98746 | Pan      | Killed Mennas
 98844 | Pan      | Found an exit through the horrors of the Abyss.
 98922 | Pan      | Noticed Gloorx Vloq
 98932 | Pan      | Killed Gloorx Vloq
 99761 | Pan      | Got a dark rune of Zot
 99941 | Pan      | Noticed Ifitoudy the pandemonium lord
 99947 | Pan      | Killed Ifitoudy the pandemonium lord
 99978 | Pan      | Found an exit through the horrors of the Abyss.
100852 | Pan      | Reached skill level 15 in Evocations
100913 | Pan      | Noticed Badorghy the pandemonium lord
101543 | Pan      | Killed Badorghy the pandemonium lord
102167 | Pan      | Found an exit through the horrors of the Abyss.
102339 | Pan      | Gained mutation: Your magical capacity is very low. (-20%
                  | MP) [a neqoxec]
102340 | Pan      | Lost mutation: Your mind is acute. (Int +2) [a neqoxec]
102342 | Pan      | Noticed Gethiap the pandemonium lord
102347 | Pan      | Gained mutation: You are very frail. (-20% HP) [a neqoxec]
102356 | Pan      | Killed Gethiap the pandemonium lord
102459 | Pan      | Gained mutation: You frequently scream uncontrollably at
                  | your foes. [a cacodemon]
102992 | Pan      | Gained mutation: You are often teleported next to monsters.
                  | [a cacodemon]
102992 | Pan      | Noticed Zodyd the pandemonium lord
103006 | Pan      | Killed Zodyd the pandemonium lord
103207 | Pan      | Found an exit through the horrors of the Abyss.
104085 | Pan      | Noticed Zoinum the pandemonium lord
104097 | Pan      | Killed Zoinum the pandemonium lord
104163 | Pan      | Found an exit through the horrors of the Abyss.
104287 | Depths:3 | Escaped Pandemonium
104621 | Temple   | Fell from the grace of the Shining One
104621 | Temple   | Became a worshipper of Zin the Law-Giver
104926 | Depths:1 | Voluntarily entered the Abyss.
104926 | Abyss:1  | Found a corrupted altar of Lugonu.
104978 | Depths:1 | Escaped the Abyss
105164 | Depths:1 | Donated 6197 gold pieces to Zin
105172 | Depths:1 | Voluntarily entered the Abyss.
105290 | Abyss:1  | Found a hide-covered altar of Uskayaw.
106712 | Abyss:1  | Learned a level 8 spell: Necromutation
106815 | Abyss:1  | Reached skill level 1 in Necromancy
107225 | Abyss:1  | Found a corrupted altar of Lugonu.
107232 | Abyss:1  | Paralysed by accursed screaming for 1 turns
107235 | Abyss:1  | Paralysed by accursed screaming for 1 turns
107252 | Abyss:1  | Reached skill level 5 in Necromancy
107588 | Abyss:1  | Found a corrupted altar of Lugonu.
108239 | Abyss:1  | Found an ancient bone altar of Kikubaaqudgha.
108385 | Abyss:1  | Found a corrupted altar of Lugonu.
108472 | Abyss:1  | Noticed an ancient lich
108481 | Abyss:1  | Killed an ancient lich
108621 | Abyss:1  | Found a corrupted altar of Lugonu.
108646 | Abyss:1  | Identified the +0 hat of Responsibility {Int+2 Stlth+} (You
                  | acquired it on level 1 of the Abyss)
108646 | Abyss:1  | Identified the +1 rapier "Niatekub" {holy, *Rage MP+9
                  | Str+4} (You acquired it on level 1 of the Abyss)
108808 | Abyss:1  | Found a corrupted altar of Lugonu.
108898 | Abyss:1  | Reached skill level 10 in Necromancy
108921 | Abyss:1  | Found a corrupted altar of Lugonu.
109022 | Abyss:1  | Paralysed by accursed screaming for 1 turns
109711 | Abyss:1  | Paralysed by accursed screaming for 1 turns
110365 | Abyss:1  | Found a corrupted altar of Lugonu.
110613 | Abyss:1  | Found a corrupted altar of Lugonu.
112250 | Abyss:1  | Reached skill level 15 in Necromancy
112304 | Abyss:1  | Paralysed by accursed screaming for 1 turns
112309 | Abyss:1  | Paralysed by accursed screaming for 2 turns
112583 | Abyss:1  | Paralysed by accursed screaming for 1 turns
114060 | Abyss:1  | Paralysed by accursed screaming for 1 turns
114073 | Depths:1 | Escaped the Abyss
114580 | Depths:1 | Voluntarily entered the Abyss.
114672 | Abyss:1  | Noticed an ancient lich
114676 | Abyss:1  | Killed an ancient lich
114801 | Abyss:1  | Paralysed by accursed screaming for 2 turns
114807 | Abyss:1  | Paralysed by accursed screaming for 1 turns
114865 | Abyss:2  | Found a corrupted altar of Lugonu.
115033 | Abyss:2  | Found a corrupted altar of Lugonu.
115118 | Abyss:2  | Found a corrupted altar of Lugonu.
115496 | Abyss:2  | Paralysed by accursed screaming for 2 turns
116259 | Depths:1 | Escaped the Abyss
116261 | Depths:1 | Voluntarily entered the Abyss.
117431 | Abyss:3  | Found a corrupted altar of Lugonu.
118077 | Abyss:3  | Found a shimmering blue altar of Sif Muna.
118994 | Abyss:3  | Paralysed by accursed screaming for 1 turns
119016 | Abyss:3  | Paralysed by accursed screaming for 1 turns
119032 | Abyss:3  | Noticed an ancient lich
119040 | Abyss:3  | Killed an ancient lich
119114 | Depths:1 | Escaped the Abyss
119380 | Depths:1 | Voluntarily entered the Abyss.
119380 | Abyss:1  | Found a corrupted altar of Lugonu.
119765 | Depths:1 | Escaped the Abyss
119893 | Depths:1 | Voluntarily entered the Abyss.
120023 | Abyss:1  | Found a corrupted altar of Lugonu.
120621 | Abyss:1  | Found a corrupted altar of Lugonu.
120777 | Abyss:1  | Noticed an ancient lich
121399 | Abyss:1  | Killed an ancient lich
121630 | Abyss:1  | Found a transporter.
121633 | Abyss:1  | Found a corrupted altar of Lugonu.
121791 | Abyss:1  | Found a corrupted altar of Lugonu.
121860 | Abyss:1  | Found a corrupted altar of Lugonu.
122730 | Abyss:1  | Found a corrupted altar of Lugonu.
122865 | Abyss:1  | Reached skill level 1 in Stealth
123362 | Abyss:1  | Paralysed by accursed screaming for 1 turns
123368 | Abyss:1  | Reached skill level 5 in Stealth
123794 | Abyss:1  | Paralysed by accursed screaming for 1 turns
123809 | Abyss:1  | Noticed an ancient lich
123816 | Abyss:1  | Killed an ancient lich
124089 | Abyss:1  | Found a corrupted altar of Lugonu.
124437 | Abyss:1  | Found a corrupted altar of Lugonu.
124581 | Abyss:1  | Found a basalt altar of Yredelemnul.
125034 | Abyss:1  | Noticed an ancient lich
125039 | Abyss:1  | Killed an ancient lich
125069 | Abyss:1  | Identified the +3 leather armour of Trial and Error {rN+
                  | Str+3} (You found it on level 1 of the Abyss)
125302 | Abyss:2  | Found a corrupted altar of Lugonu.
125424 | Abyss:2  | Found a corrupted altar of Lugonu.
125457 | Abyss:2  | Found a corrupted altar of Lugonu.
125597 | Abyss:2  | Found a corrupted altar of Lugonu.
125603 | Abyss:2  | Found a corrupted altar of Lugonu.
125798 | Abyss:2  | Found a corrupted altar of Lugonu.
126484 | Abyss:2  | Paralysed by accursed screaming for 2 turns
126491 | Abyss:2  | Paralysed by accursed screaming for 2 turns
126496 | Abyss:2  | Paralysed by accursed screaming for 2 turns
128247 | Depths:1 | Escaped the Abyss
128502 | Depths:1 | Voluntarily entered the Abyss.
129245 | Abyss:1  | Paralysed by accursed screaming for 1 turns
131503 | Abyss:1  | Paralysed by accursed screaming for 1 turns
132226 | Abyss:1  | Lost mutation: You frequently scream uncontrollably at your
                  | foes. [potion of mutation]
132226 | Abyss:1  | Lost mutation: You are weak. (Str -2) [potion of mutation]
132452 | Abyss:1  | Paralysed by you for 6 turns
133361 | Abyss:1  | Reached skill level 27 in Dodging
133610 | Abyss:1  | Found a corrupted altar of Lugonu.
133999 | Abyss:1  | Got a vibrating ivory ring
136389 | Abyss:1  | Identified the ring "Qeeloh" {rF+ MP+9 SInv} (You found it
                  | on level 1 of the Abyss)
136970 | Abyss:1  | Noticed an ancient lich
136981 | Abyss:1  | Paralysed by accursed screaming for 2 turns
136985 | Abyss:1  | Killed an ancient lich
136985 | Abyss:1  | Paralysed by accursed screaming for 2 turns
137227 | Abyss:1  | Found a corrupted altar of Lugonu.
137929 | Abyss:1  | Found a shimmering blue altar of Sif Muna.
138584 | Abyss:1  | Paralysed by you for 7 turns
138827 | Abyss:1  | Reached skill level 27 in Necromancy
139037 | Abyss:1  | Found a roughly hewn altar of Beogh.
139673 | Abyss:1  | Paralysed by accursed screaming for 1 turns
139697 | Abyss:1  | Found a corrupted altar of Lugonu.
140595 | Abyss:2  | Noticed an ancient lich
140602 | Abyss:2  | Killed an ancient lich
140875 | Abyss:3  | Found a hazy altar of Hepliaklqana.
140914 | Abyss:3  | Found a hazy altar of Hepliaklqana.
141348 | Abyss:3  | Reached skill level 27 in Earth Magic
141497 | Abyss:3  | Found a corrupted altar of Lugonu.
141556 | Abyss:3  | Found an opulent altar of Gozag.
142504 | Abyss:3  | Paralysed by accursed screaming for 1 turns
142875 | Abyss:3  | Lost mutation: You are very frail. (-20% HP) [potion of
                  | mutation]
142875 | Abyss:3  | Lost mutation: Potions are poor at restoring your health.
                  | [potion of mutation]
142876 | Abyss:3  | Lost mutation: Potions are less effective at restoring your
                  | health. [potion of mutation]
142876 | Abyss:3  | Lost mutation: You are frail. (-10% HP) [potion of
                  | mutation]
142876 | Abyss:3  | Lost mutation: You tend to lose your temper in combat.
                  | [potion of mutation]
142876 | Abyss:3  | Lost mutation: Your body often deteriorates upon taking
                  | damage. [potion of mutation]
144425 | Abyss:4  | Reached skill level 1 in Throwing
144774 | Abyss:4  | Paralysed by accursed screaming for 2 turns
144837 | Abyss:4  | Found a corrupted altar of Lugonu.
145106 | Abyss:4  | Found a blossoming altar of Fedhas.
145476 | Abyss:4  | Found a corrupted altar of Lugonu.
145634 | Depths:1 | Escaped the Abyss
145758 | D:14     | Fell from the grace of Zin
145758 | D:14     | Became a worshipper of the Shining One
146077 | Tomb:1   | Entered Level 1 of the Tomb of the Ancients
146094 | Tomb:1   | Reached skill level 5 in Throwing
146388 | Tomb:1   | Noticed a greater mummy
146400 | Tomb:1   | Killed a greater mummy
146406 | Tomb:1   | Noticed a greater mummy
146418 | Tomb:1   | Killed a greater mummy
146540 | Tomb:1   | Noticed a greater mummy
146540 | Tomb:1   | Noticed a greater mummy
146541 | Tomb:1   | Noticed a greater mummy
146544 | Tomb:1   | Noticed a greater mummy
146546 | Tomb:1   | Killed a greater mummy
146547 | Tomb:1   | Killed a greater mummy
146553 | Tomb:1   | Killed a greater mummy
146554 | Tomb:1   | Killed a greater mummy
146626 | Tomb:1   | Noticed a greater mummy
146627 | Tomb:1   | Noticed a greater mummy
146871 | Tomb:1   | Identified the +2 ring mail "Finaesh" {+Fly rPois Regen+
                  | Dex-3}
147022 | Tomb:1   | Noticed a greater mummy
147030 | Tomb:1   | Killed a greater mummy
147165 | Tomb:1   | Killed a greater mummy
147166 | Tomb:1   | Noticed a greater mummy
147172 | Tomb:1   | Noticed a greater mummy
147173 | Tomb:1   | Killed a greater mummy
147179 | Tomb:1   | Noticed a greater mummy
147181 | Tomb:1   | Killed a greater mummy
147186 | Tomb:1   | Killed a greater mummy
147408 | Tomb:1   | Noticed a greater mummy
147416 | Tomb:1   | Killed a greater mummy
147416 | Tomb:1   | Reached skill level 27 in Invocations
147419 | Tomb:1   | Noticed a greater mummy
147427 | Tomb:1   | Killed a greater mummy
147429 | Tomb:1   | Noticed a greater mummy
147441 | Tomb:1   | Killed a greater mummy
147454 | Tomb:1   | Noticed a greater mummy
147456 | Tomb:1   | Noticed a greater mummy
147461 | Tomb:1   | Killed a greater mummy
147466 | Tomb:1   | Killed a greater mummy
147632 | Tomb:1   | Noticed a greater mummy
147642 | Tomb:1   | Killed a greater mummy
147885 | Tomb:2   | Noticed a greater mummy
147885 | Tomb:2   | Noticed a greater mummy
147888 | Tomb:2   | Noticed a greater mummy
147891 | Tomb:2   | Killed a greater mummy
147892 | Tomb:2   | Noticed a greater mummy
147899 | Tomb:2   | Killed a greater mummy
147899 | Tomb:2   | Reached skill level 10 in Throwing
147903 | Tomb:2   | Killed a greater mummy
147907 | Tomb:2   | Killed a greater mummy
147938 | Tomb:2   | Lost mutation: Your magical capacity is very low. (-20% MP)
                  | [potion of mutation]
147938 | Tomb:2   | Lost mutation: Your magical capacity is low. (-10% MP)
                  | [potion of mutation]
147938 | Tomb:2   | Lost mutation: You sometimes yell uncontrollably at your
                  | foes. [potion of mutation]
147938 | Tomb:2   | Gained mutation: You are agile. (Dex +2) [potion of
                  | mutation]
148605 | Tomb:3   | Entered Level 3 of the Tomb of the Ancients
148610 | Tomb:3   | Lost intelligence.
148613 | Tomb:3   | HP: 4/354 [death scarab (14)]
148613 | Tomb:3   | Mangled by a freezing wraith

Levels and vault maps discovered:
D:1:      ebering_hopf_link, layout_basic, st_stairs_3, minivault_26
D:2:      layout_basic, nicolae_overflow_crystal_walls, bloody_trog, uniq_robin,
          uniq_natasha
D:3:      layout_basic, nicolae_overflow_hidden_temple, first_ration,
          chequers_ecumenical_altar_simple, minmay_misc_feat_chi
D:4:      layout_basic, lemuel_doored_altar, kennysheep_minor_cross, uniq_pikel,
          uniq_grinder, uniq_eustachio, uniq_edmund
D:5:      layout_basic
D:6:      layout_gridville, kennysheep_mini_moat, kennysheep_little_box,
          portal_sewer_entry_a
D:7:      layout_loops_ring, minmay_temple_entry_glass, the_bakery
D:8:      layout_basic, bloody_makhleb, uniq_prince_ribbit1
D:9:      layout_basic, orc_0_dummy
D:10:     layout_long_grid, dpeg_lair_monsters, minmay_misc_feat_pillars,
          fedhas_altar_fruit_tree
D:11:     layout_big_octagon
D:12:     layout_long_grid, portal_ice_cave_entry_imps
D:13:     layout_small_grid, hangedman_vaults_entry_quadrant_bands, basic_altar,
          lemuel_mausoleum_altar_yredelemnul
D:14:     layout_gridville, nicolae_tso_swordbearing_angel
D:15:     grunt_enter_depths_hoard, layout_cave_pods,
          hangedman_abyss_or_decor_lesser_grid
Temple:   regret_index_temple_waves
Lair:1:   layout_layer_cave, serial_bayou_pond_a,
          chequers_serial_rivers_micro_b, nicolae_lair_grove_arrangements,
          chequers_serial_rivers_micro_d, serial_bayou_shore_b, uniq_erica
Lair:2:   layout_layer_cave, nicolae_swamp_entry_splash_gauntlet,
          nicolae_spider_entry_tight_spaces, hibernation_bobbens
Lair:3:   pond_and_an_island_with_a_cottage, layout_cave_pods,
          hangedman_lair_unloving_vines
Lair:4:   layout_gridlike, gauntlet_entry_generic, uniq_josephine
Lair:5:   layout_long_grid, chequers_serial_rivers_micro_a
Lair:6:   minmay_lair_end_frog_pond, layout_loops_ring, slime_altar_1,
          special_room [special_room_bee], lemuel_fruit_tree
Swamp:1:  layout_basic_swamp, gammafunk_ghost_necromancy, serial_swamp_ruin,
          evilmike_swamp_ruin_rubble_2, evilmike_swamp_ruin_house_6,
          uniq_frances
Swamp:2:  layout_basic_swamp, infiniplex_staircase_pool, swamp_pool3,
          wheals_swamp_sinkhole
Swamp:3:  layout_falls_marsh, evilmike_swamp_ruin_rubble_1, uniq_bai_suzhen
Swamp:4:  swamp_vile, layout_basic_swamp
Spider:1: layout_spider_delve
Spider:2: layout_spider_delve, hive_lemuel, uniq_nikola
Spider:3: layout_spider_delve
Spider:4: guppyfry_spider_rune, ebering_ghost_inner_flame
Slime:1:  layout_caves
Slime:2:  layout_caves
Slime:3:  layout_caves, nicolae_slime_barrier
Slime:4:  layout_caves
Slime:5
Orc:1:    layout_caves
Orc:2:    st_orc_mages, layout_caves, mines5_lemuel
Elf:1:    minmay_elf_arrival_circle, layout_onion_city, minmay_elf_annihilation
Elf:2:    layout_gridlike
Elf:3:    grunt_elf_hall_diamonds, layout_loops_ring,
          gammafunk_ghost_tricky_traps, hex_medium, uniq_louise
Vaults:1: vaults_room_door_ring, v_misc_30, nicolae_vaults_murderbox, v_rooms_4,
          vaults_standard_mumra_enter_the_diamond, hangedman_vaults_corner,
          v_misc_27, v_misc_1, v_misc_23, ontoclasm_vaults_decontamination,
          serial_ice_m, ontoclasm_vaults_shuriken, vaults_dpeg_diagonal,
          ontoclasm_vaults_ligature, layout_vaults_maze_bifur,
          portal_desolation_entry_nicolae_nacl
Vaults:2: hangedman_vaults_snaps, minmay_crypt_entry_skeletal_spiral, v_misc_11,
          nicolae_vaults_network_star, v_misc_11, vaults_room_door_ring,
          nicolae_vaults_yaktaur_gun_rack, vaults_mumra_chevron, v_misc_5,
          vaults_room_octagon, v_misc_13, layout_vaults_ring, serial_shops,
          shop, shop, nicolae_shop_stone, uniq_mara
Vaults:3: ontoclasm_vaults_ring_large, v_alt_pattern_5,
          hangedman_vaults_capsules, nicolae_vaults_little_squares_5,
          vaults_dpeg_encased_lava, v_misc_1, nicolae_vaults_network_s,
          vaults_room_hangedman_quadrants, layout_vaults_omnigrid
Vaults:4: grunt_vaults_hallway_short, hangedman_vaults_nodes, v_misc_26,
          vaults_mumra_minichess_inversion, grunt_vaults_hallway_short,
          hangedman_vaults_corner_blocks, hangedman_vaults_stagger,
          vaults_room_semicircle, v_misc_29, hangedman_vaults_slither,
          ontoclasm_vaults_idyll, grunt_vaults_hallway_long,
          layout_vaults_omnibox, serial_shops, shop
Vaults:5: uniq_xtahua
Crypt:1:  layout_chaotic_city, feat_on_display
Crypt:2:  layout_misc_corridors, st_stairs_12, lemuel_dead_fish_pool,
          grunt_megastairs_3
Crypt:3:  grunt_crypt_end_deaths_head
Tomb:1
Tomb:2
Tomb:3
Depths:1: layout_cave_pools, abyss_entry, chequers_serial_rivers_room_b,
          grunt_mini_vestibule, nicolae_benzene_ring, drop_trap, minivault_16,
          item_on_display_a, serial_bayou_shore_b
Depths:2: minmay_the_grid_net [minmay_the_grid_artifice,
          minmay_the_grid_broken_lines, minmay_the_grid_medium_cups,
          minmay_the_grid_empty, minmay_the_grid_zigzag_pyramid,
          minmay_the_grid_prize_shrinking_boxes], layout_basic, serial_shops,
          nicolae_shop_window_shopping, hell_entry, minmay_staircase_bubble,
          uniq_saint_roka, uniq_enchantress
Depths:3: lemuel_vampire_tower, layout_cave_shapes, enter_ziggurat_d,
          abyss_entry, hangedman_coc_ice_floe, grunt_pan_entry_zigzag,
          nicolae_water_bricks, infiniplex_staircase_zigzag_5, uniq_margery
Depths:4: kennysheep_green_arena, layout_basic, enter_trove_3, abyss_entry,
          chequers_serial_rivers_small_a, pan_entry, hangedman_geh_valley,
          kennysheep_pointless_box, infiniplex_staircase_trident
Depths:5: evilmike_zot_entry_gauntlet, layout_gridlike, hell_entry,
          chequers_hall_statues_wall_a, serial_sigils_hangedman_confine,
          minmay_shoptagon
Hell
Dis:1:    layout_gridville, hangedman_dis_decor_tower
Dis:2:    layout_regular_city
Dis:4:    layout_chaotic_city
Dis:5:    layout_subdivisions, evilmike_ambush [evilmike_ambush_outer_pillars,
          evilmike_ambush_inner_basic]
Dis:6:    layout_regular_city
Dis:7:    iron_city_of_dis [dis_grunt, dis_wall_4], layout_chaotic_city
Geh:1:    layout_gehenna_lava_caves
Geh:2:    layout_gehenna_lava_caves
Geh:3:    layout_gehenna_lava_caves
Geh:4:    layout_gehenna_pools_basic, nicolae_geh_single_fiery_grave,
          grunt_megastairs_4
Geh:5:    layout_gehenna_lava_caves
Geh:6:    minmay_firetagon, layout_gehenna_pools_triple, gehenna_fire_generator
Geh:7:    geh_mu
Coc:1:    layout_cocytus_water_paths
Coc:2:    layout_cocytus_water_paths
Coc:3:    layout_ice_bergs
Coc:4:    layout_ice_bergs
Coc:5:    layout_cocytus_water_paths
Coc:6:    layout_cocytus_water_paths
Coc:7:    coc_grunt
Tar:1:    layout_grid_maze, lemuel_nasty_fountain
Tar:2:    layout_catacombs
Tar:3:    layout_grid_maze
Tar:4:    layout_grid_maze
Tar:5:    layout_cathedral_of_symmetry, nicolae_tar_cuneiform_bird,
          grunt_megastairs_2
Tar:6:    layout_catacombs
Tar:7:    tar_minmay_river
Zot:1:    hangedman_orp_of_zott, layout_misc_corridors, hangedman_zot_spectrum
Zot:2:    grunt_deathspiral_small, layout_concentric_octagons
Zot:3:    layout_misc_corridors, kennysheep_underground_church
Zot:4:    kennysheep_oblong_rooms, layout_misc_corridors
Zot:5:    layout_cathedral_of_symmetry, grunt_ministairs_1

Skill      XL: |  1  2  3  4  5  6  7  8  9 10 11 12 13 14 15 16 17 18 19 20 21 22 23 24 25 26 27 |
---------------+----------------------------------------------------------------------------------+-----
Axes           | 3 4 5 6 8 9 11 12 14 15 16 18 19 20 21 22 23 24 27 | 27.0
Fighting       | 4 5 6 7 8 9 11 13 14 15 16 17 18 19 20 21 22 23 24 25 27 | 27.0
Armour         | 4 5 6 7 8 9 11 12 14 15 16 17 18 19 20 21 22 23 24 25 27 | 27.0
Shields        | 4 5 6 7 8 9 11 12 13 15 16 17 18 19 20 21 22 23 24 27 | 27.0
Invocations    | 2 7 8 9 27 | 27.0
Evocations     | 1 7 8 9 16 | 16.7
Dodging        | 4 6 8 10 12 14 15 16 27 | 27.0
Transmutations | 19 | 19.0
Earth Magic    | 27 | 27.0
Spellcasting   | 25 | 25.0
Necromancy     | 27 | 27.0
Stealth        | 6 |  6.5
Throwing       | 13 | 13.8

Action                   |  1- 3 |  4- 6 |  7- 9 | 10-12 | 13-15 | 16-18 | 19-21 | 22-24 | 25-27 || total
-------------------------+-------+-------+-------+-------+-------+-------+-------+-------+-------++-------
Melee: War axe           |    77 |   122 |    94 |       |   250 |       |       |       |       ||   543
       Headbutt          |    11 |    11 |    82 |   179 |   219 |   349 |   420 |   512 |  6517 ||  8300
       Hand axe          |       |       |   372 |   773 |    85 |       |       |       |       ||  1230
       Scimitar          |       |       |       |     5 |    23 |    37 |       |       |       ||    65
       Broad axe         |       |       |       |       |   772 |  1471 |  1266 |  1367 | 20485 || 25361
Throw: Dart              |       |       |     6 |     2 |    20 |    26 |       |       |       ||    54
       Throwing net      |       |       |     1 |       |       |       |       |       |       ||     1
       Javelin           |       |       |       |       |       |       |       |       |    15 ||    15
 Cast: Statue Form       |       |       |       |       |       |       |       |       |   160 ||   160
Invok: Elemental Force   |       |       |       |       |       |     1 |     1 |       |       ||     2
       Upheaval          |       |       |       |       |       |     1 |       |       |       ||     1
       Cleansing Flame   |       |       |       |       |       |       |       |       |   126 ||   126
       Divine Shield     |       |       |       |       |       |       |       |       |     3 ||     3
       Summon Divine War |       |       |       |       |       |       |       |       |     3 ||     3
       Donate Gold       |       |       |       |       |       |       |       |       |     2 ||     2
       Brand Weapon With |       |       |       |       |       |       |       |       |     1 ||     1
Evoke: Wand              |       |       |     7 |       |     6 |    13 |       |     1 |    18 ||    45
       Lamp of fire      |       |       |       |       |       |       |       |       |     3 ||     3
  Use: Potion            |       |       |     3 |       |     1 |     3 |     3 |       |    77 ||    87
       Scroll            |       |       |       |     4 |    40 |     7 |    11 |     4 |   100 ||   166
 Stab: Distracted        |       |       |       |       |       |     1 |       |       |    13 ||    14
       Petrified         |       |       |       |       |       |       |       |       |     4 ||     4
       Confused          |       |       |       |       |       |       |       |       |     3 ||     3
       Invisible         |       |       |       |       |       |       |       |       |     3 ||     3
       Held in net/web   |       |       |       |       |       |       |       |       |     1 ||     1
       Petrifying        |       |       |       |       |       |       |       |       |     1 ||     1
       Paralysed         |       |       |       |       |       |       |       |       |     1 ||     1
  Eat: Chunk             |     1 |     6 |    18 |    15 |    22 |    24 |    21 |    19 |   115 ||   241
       Ration            |       |       |       |     1 |     4 |     2 |     1 |       |    98 ||   106
Armor: Scale mail        |    28 |    64 |    39 |       |       |       |       |       |       ||   131
       Skin              |       |       |    21 |       |       |       |       |       |   298 ||   319
       Chain mail        |       |       |   115 |       |   237 |   277 |       |       |       ||   629
       Plate armour      |       |       |     6 |   125 |    33 |       |    85 |   214 |    44 ||   507
       Ring mail         |       |       |       |       |     4 |       |       |       |       ||     4
       Storm dragon scal |       |       |       |       |       |   113 |    79 |       |       ||   192
       Gold dragon scale |       |       |       |       |       |       |       |     2 |   980 ||   982
       Crystal plate arm |       |       |       |       |       |       |       |       |  1239 ||  1239
Dodge: Dodged            |    25 |    54 |    97 |    56 |   329 |   398 |   245 |   424 |  5718 ||  7346
       Deflected         |       |       |       |     3 |     4 |    22 |    18 |    22 |    21 ||    90
Block: Kite shield       |    33 |    66 |   208 |   611 |  1545 |  1710 |  1306 |  1622 |  7227 || 14328
       Reflection        |       |       |       |    43 |    10 |    97 |   135 |    85 |   538 ||   908
       Tower shield      |       |       |       |       |       |       |       |       | 12710 || 12710
       Rpst.: Scimitar   |       |       |       |       |     1 |     1 |       |       |       ||     2

Table legend:
 A = Non-vault XP
 B = Vault XP
 C = Vault XP percentage of total XP
 D = Non-vault monster count
 E = Vault monster count
 F = Vault count percentage of total count
                 A         B        C        D         E       F
            +---------+---------+-------+---------+---------+-------
      Total | 5343899 | 2110032 |  28.3 |    9179 |    2134 |  18.9
            +---------+---------+-------+---------+---------+-------
        D:1 |      41 |       3 |   6.8 |      17 |       3 |  15.0
        D:2 |     129 |      64 |  33.2 |      20 |       9 |  31.0
        D:3 |      67 |       0 |   0.0 |      19 |       0 |   0.0
        D:4 |     456 |    1267 |  73.5 |      30 |       4 |  11.8
        D:5 |     123 |       0 |   0.0 |       2 |       0 |   0.0
        D:6 |     460 |      13 |   2.7 |      20 |       6 |  23.1
        D:7 |    1222 |     215 |  15.0 |      29 |       1 |   3.3
        D:8 |    1195 |     286 |  19.3 |      27 |       1 |   3.6
        D:9 |    2271 |    1729 |  43.2 |      34 |       2 |   5.6
       D:10 |    2932 |    3032 |  50.8 |      26 |       5 |  16.1
       D:11 |    6161 |       0 |   0.0 |      42 |       0 |   0.0
       D:12 |    3586 |     125 |   3.4 |      18 |      12 |  40.0
       D:13 |   10390 |    6612 |  38.9 |      58 |      31 |  34.8
       D:14 |    7667 |       0 |   0.0 |      26 |       0 |   0.0
       D:15 |   17200 |    2065 |  10.7 |      54 |       2 |   3.6
     Lair:1 |    3284 |     929 |  22.1 |      18 |       1 |   5.3
     Lair:2 |    4595 |    2724 |  37.2 |      18 |      11 |  37.9
     Lair:3 |    5254 |    1062 |  16.8 |      30 |       6 |  16.7
     Lair:4 |    5058 |    1718 |  25.4 |      21 |       4 |  16.0
     Lair:5 |    7080 |     274 |   3.7 |      16 |       1 |   5.9
     Lair:6 |   11688 |   13665 |  53.9 |      31 |      70 |  69.3
    Swamp:1 |   10641 |    6381 |  37.5 |      25 |      12 |  32.4
    Swamp:2 |    6950 |       0 |   0.0 |      17 |       0 |   0.0
    Swamp:3 |   18754 |    5129 |  21.5 |      55 |       1 |   1.8
    Swamp:4 |   16456 |   19732 |  54.5 |      42 |      30 |  41.7
   Spider:1 |    9526 |    3687 |  27.9 |      27 |       1 |   3.6
   Spider:2 |   20362 |     844 |   4.0 |      57 |      13 |  18.6
   Spider:3 |   20981 |    6792 |  24.5 |      52 |       5 |   8.8
   Spider:4 |   17612 |   18175 |  50.8 |      46 |      33 |  41.8
    Slime:1 |   11495 |       0 |   0.0 |      35 |       0 |   0.0
    Slime:2 |   11014 |       0 |   0.0 |      15 |       0 |   0.0
    Slime:3 |   10241 |       0 |   0.0 |      25 |       0 |   0.0
    Slime:4 |   23184 |    1864 |   7.4 |      19 |       1 |   5.0
    Slime:5 |   20449 |   32722 |  61.5 |      41 |      15 |  26.8
      Orc:1 |     717 |       0 |   0.0 |      16 |       0 |   0.0
      Orc:2 |    3139 |    6368 |  67.0 |      40 |      55 |  57.9
      Elf:1 |   27892 |    5800 |  17.2 |      43 |       9 |  17.3
      Elf:2 |   18466 |   22488 |  54.9 |      32 |      29 |  47.5
      Elf:3 |   24994 |   55011 |  68.8 |      40 |      42 |  51.2
   Vaults:1 |   21102 |   21437 |  50.4 |      34 |      44 |  56.4
   Vaults:2 |   31668 |   36245 |  53.4 |      45 |      45 |  50.0
   Vaults:3 |   27504 |   21114 |  43.4 |      40 |      29 |  42.0
   Vaults:4 |   35996 |   29193 |  44.8 |      56 |      41 |  42.3
   Vaults:5 |   18091 |  132207 |  88.0 |      25 |      89 |  78.1
    Crypt:1 |   28932 |       0 |   0.0 |      43 |       0 |   0.0
    Crypt:2 |   25645 |   12329 |  32.5 |      44 |      27 |  38.0
    Crypt:3 |       0 |   78345 | 100.0 |       0 |     119 | 100.0
     Tomb:1 |    7896 |  138872 |  94.6 |      23 |      45 |  66.2
     Tomb:2 |   13408 |   81221 |  85.8 |      36 |      86 |  70.5
     Tomb:3 |     346 |   11303 |  97.0 |       1 |      13 |  92.9
   Depths:1 |   49880 |    5021 |   9.1 |      67 |       8 |  10.7
   Depths:2 |   56299 |   61004 |  52.0 |      69 |      50 |  42.0
   Depths:3 |   44001 |   40767 |  48.1 |      52 |      65 |  55.6
   Depths:4 |   56068 |   24423 |  30.3 |      60 |      19 |  24.1
   Depths:5 |   32418 |   22343 |  40.8 |      23 |      20 |  46.5
       Hell |   20851 |   19954 |  48.9 |      31 |      35 |  53.0
      Dis:1 |    5905 |       0 |   0.0 |      20 |       0 |   0.0
      Dis:2 |    8314 |       0 |   0.0 |      25 |       0 |   0.0
      Dis:4 |   29184 |       0 |   0.0 |      25 |       0 |   0.0
      Dis:5 |    3665 |       0 |   0.0 |       5 |       0 |   0.0
      Dis:6 |     346 |       0 |   0.0 |       1 |       0 |   0.0
      Dis:7 |   68427 |  110743 |  61.8 |      84 |      78 |  48.1
      Geh:1 |   15520 |       0 |   0.0 |      21 |       0 |   0.0
      Geh:2 |    5998 |       0 |   0.0 |      24 |       0 |   0.0
      Geh:3 |   18893 |       0 |   0.0 |      34 |       0 |   0.0
      Geh:4 |   36325 |    1288 |   3.4 |      63 |       8 |  11.3
      Geh:5 |   26139 |       0 |   0.0 |      49 |       0 |   0.0
      Geh:6 |    1157 |       0 |   0.0 |       2 |       0 |   0.0
      Geh:7 |   36599 |   58486 |  61.5 |      65 |      38 |  36.9
      Coc:1 |    2994 |       0 |   0.0 |       9 |       0 |   0.0
      Coc:2 |   16423 |       0 |   0.0 |      34 |       0 |   0.0
      Coc:3 |    8609 |       0 |   0.0 |      22 |       0 |   0.0
      Coc:4 |   28492 |       0 |   0.0 |      35 |       0 |   0.0
      Coc:5 |   27578 |       0 |   0.0 |      38 |       0 |   0.0
      Coc:6 |    4265 |       0 |   0.0 |       9 |       0 |   0.0
      Coc:7 |   37419 |   48434 |  56.4 |      45 |      34 |  43.0
      Tar:1 |   81345 |       0 |   0.0 |     136 |       0 |   0.0
      Tar:2 |   60258 |       0 |   0.0 |      96 |       0 |   0.0
      Tar:3 |    7935 |       0 |   0.0 |       9 |       0 |   0.0
      Tar:4 |   22002 |       0 |   0.0 |      35 |       0 |   0.0
      Tar:5 |   10376 |       0 |   0.0 |      10 |       0 |   0.0
      Tar:6 |    1952 |       0 |   0.0 |       4 |       0 |   0.0
      Tar:7 |   87901 |   81427 |  48.1 |     100 |      53 |  34.6
      Zot:1 |   64967 |   82213 |  55.9 |      29 |      76 |  72.4
      Zot:2 |   55187 |   38045 |  40.8 |      34 |      24 |  41.4
      Zot:3 |   39509 |    7802 |  16.5 |      20 |       6 |  23.1
      Zot:4 |   34829 |   14241 |  29.0 |      18 |       7 |  28.0
      Zot:5 |   56830 |  150368 |  72.6 |      34 |      41 |  54.7
    Abyss:1 | 1898999 |   64780 |   3.3 |    3411 |      83 |   2.4
    Abyss:2 |  473381 |    5092 |   1.1 |     919 |      17 |   1.8
    Abyss:3 |  357588 |    2994 |   0.8 |     691 |      18 |   2.5
    Abyss:4 |  198267 |   22098 |  10.0 |     365 |      15 |   3.9
        Pan |  549700 |  409522 |  42.7 |     702 |     313 |  30.8
      Zig:1 |     665 |       0 |   0.0 |       2 |       0 |   0.0
      Zig:2 |    3102 |       0 |   0.0 |       3 |       0 |   0.0
      Zig:3 |    2778 |       0 |   0.0 |       5 |       0 |   0.0
      Zig:4 |    4926 |       0 |   0.0 |       9 |       0 |   0.0
      Zig:5 |    7266 |       0 |   0.0 |       6 |       0 |   0.0
      Zig:6 |    4981 |       0 |   0.0 |       9 |       0 |   0.0
      Zig:7 |   11494 |       0 |   0.0 |       8 |       0 |   0.0
      Zig:8 |   17863 |       0 |   0.0 |      10 |       0 |   0.0
      Zig:9 |    9792 |       0 |   0.0 |      17 |       0 |   0.0
     Zig:10 |   15738 |       0 |   0.0 |      16 |       0 |   0.0
     Zig:11 |   27427 |       0 |   0.0 |      22 |       0 |   0.0
     Zig:12 |   20752 |       0 |   0.0 |      17 |       0 |   0.0
      Sewer |       0 |      48 | 100.0 |       0 |      24 | 100.0
      IceCv |       0 |    6499 | 100.0 |       0 |      54 | 100.0
 Desolation |       0 |   43817 | 100.0 |       0 |      76 | 100.0
   Gauntlet |       0 |    5581 | 100.0 |       0 |      19 | 100.0
            +---------+---------+-------+---------+---------+-------
